 Dungeon Crawl Stone Soup version 0.22.1-1-ga44c0e56f4 (webtiles) character file.

12167744 DildoBatman the Petrodigitator (level 27, 238/256 HPs)
             Began as a Formicid Wizard on Oct 31, 2018.
             Was an Initiate of Gozag.
             Escaped with the Orb
             ... and 15 runes on Nov 2, 2018!
             The game lasted 13:43:28 (137855 turns).

DildoBatman the Petrodigitator (Formicid Wizard)  Turns: 137855, Time: 13:43:29

Health: 238/256    AC: 35    Str:  6    XL:     27
Magic:  54/54      EV: 30    Int: 46    God:    Gozag
Gold:   16941      SH: 31    Dex:  8    Spells: 28/80 levels left

rFire    + + .     SeeInvis +   a - +10 dagger "Demon's Funeral" {pierce, rElec Int+8 Dex-3}
rCold    + + +     Gourm    .   K - +8 large shield {AC+3}
rNeg     + . .     Faith    .   o - +4 troll leather armour
rPois    +         Spirit   .   (helmet unavailable)
rElec    +         Reflect  .   D - +1 cloak of Starlight {rElec rC+ EV+4 Stlth--}
rCorr    +         Harm     .   f - +1 pair of gloves of Narcissism {rF+ rC++ rCorr Str-4}
MR       ++...                  W - +2 pair of boots {run}
Stlth    ++........             m - amulet "Boqeaz" {RegenMP +Blink rElec rPois rF+ rC+}
HPRegen  0.92/turn              g - ring of Aqeov {rN+ EV+3 Int+7}
MPRegen  0.59/turn              h - ring of Robustness {AC+8}

@: gold aura, quick
A: permanent stasis, dig shafts and tunnels, four strong arms, antennae 3, fangs
1, hooves 1, rugged brown scales 1, thin skeletal structure 1, weak 1
0: Orb of Zot
}: 15/15 runes: decaying, serpentine, slimy, silver, golden, iron, obsidian,
icy, bone, abyssal, demonic, glowing, magical, fiery, dark
a: Dig, Shaft Self, Potion Petition, Call Merchant, Bribe Branch, Renounce
Religion


You escaped.
You worshipped Gozag.
Gozag was extremely pleased with you.
You were not hungry.

You visited 18 branches of the dungeon, and saw 89 of its levels.
You visited Pandemonium 2 times, and saw 18 of its levels.
You visited the Abyss 3 times.
You completed 1 ziggurat, and saw 27 of its levels.
You also visited: Sewer, Ossuary, Ice Cave and Desolation.

You collected 80645 gold pieces.
You spent 18666 gold pieces at shops.
You paid 45038 gold pieces to Gozag.

Inventory:

Hand Weapons
 a - the +10 dagger "Demon's Funeral" (weapon) {pierce, rElec Int+8 Dex-3}
   (You found it on level 21 of a ziggurat)

   It inflicts extra damage upon your enemies.
   It affects your intelligence (+8).
   It affects your dexterity (-3).
   It insulates you from electricity.
 c - the +11 trident of the Sage {elec, rF+ rC- Str+3}
   (You found it on level 12 of a ziggurat)

   Occasionally, upon striking a foe, it will discharge some electrical energy
   and cause terrible harm.
   It affects your strength (+3).
   It protects you from fire.
   It makes you vulnerable to cold.
 d - the +8 demon blade "Bloodbane" {slice, *Rage +Rage Stlth-}
   (You found it on level 17 of a ziggurat)

   It inflicts extra damage upon your enemies.
   It lets you go berserk.
   It may make you go berserk in combat.
   It makes you less stealthy.
 e - the +2 Maxwell's thermic engine {flame, freeze}
   (You found it on level 22 of a ziggurat)

   It has been specially enchanted to burn those struck by it, causing extra
   injury to most foes and up to half again as much damage against particularly
   susceptible opponents.
   Big, fiery blades are also staple armaments of hydra-hunters.
 I - the +11 plutonium sword {*Contam Stlth-}
   (You found it on level 11 of a ziggurat)

   It causes magical contamination when unequipped.
   It makes you less stealthy.
 L - the +6 sword of Cerebov {flame}
   (You took it off Cerebov in Pandemonium)

   It has been specially enchanted to burn those struck by it, causing extra
   injury to most foes and up to half again as much damage against particularly
   susceptible opponents.
   Big, fiery blades are also staple armaments of hydra-hunters.
 Q - the +8 frozen axe "Frostbite" {freezing cloud, *Noise +Fly rC+}
   (You found it on level 15 of a ziggurat)

   It has been specially enchanted to freeze those struck by it, causing extra
   injury to most foes and up to half again as much damage against particularly
   susceptible opponents.
   It can also slow down cold-blooded creatures.
   It protects you from cold.
   It lets you fly.
   It may make noises in combat.
Armour
 f - the +1 pair of gloves of Narcissism (worn) {rF+ rC++ rCorr Str-4}
   (You acquired it on level 4 of the Depths)

   It affects your strength (-4).
   It protects you from fire.
   It greatly protects you from cold.
   It provides partial protection from all sources of acid and corrosion.
 o - a +4 troll leather armour (worn)
 p - the +3 robe of Folly {Archmagi, MR-- Int+5}
   (You bought it in a shop on level 4 of the Depths)

   It affects your intelligence (+5).
   It affects your resistance to hostile enchantments.
 D - the +1 cloak of Starlight (worn) {rElec rC+ EV+4 Stlth--}
   (You bought it in a shop on level 4 of the Depths)

   It affects your evasion (+4).
   It protects you from cold.
   It insulates you from electricity.
   It makes you much less stealthy.
 K - a +8 large shield of protection (worn)
 N - a +6 large shield of resistance
 R - the +1 scale mail of Distant Worlds {rF+++ Regen+ Str+4 Stlth-}
   (You found it on level 11 of a ziggurat)

   It affects your strength (+4).
   It renders you almost immune to fire.
   It increases your rate of regeneration.
   It makes you less stealthy.
 W - a +2 pair of boots of running (worn)
Magical Staves
 b - an uncursed staff of energy
Jewellery
 g - the ring of Aqeov (left hand) {rN+ EV+3 Int+7}
   (You found it on level 5 of the Pits of Slime)

   [ring of evasion]

   It affects your evasion (+3).
   It affects your intelligence (+7).
   It protects you from negative energy.
 h - the ring of Robustness (right hand) {AC+8}
   (You found it on level 15 of a ziggurat)

   [ring of protection]

   It affects your AC (+8).
 j - the ring "Adu Xaci" {rElec rF+ rC+ rN+ Int+2}
   (You found it on level 22 of a ziggurat)

   [ring of intelligence]

   It affects your intelligence (+2).
   It protects you from fire.
   It protects you from cold.
   It insulates you from electricity.
   It protects you from negative energy.
 m - the amulet "Boqeaz" (around neck) {RegenMP +Blink rElec rPois rF+ rC+}
   (You took it off a deep elf blademaster on level 3 of the Elven Halls)

   [amulet of magic regeneration]

   It increases your magic regeneration.
   It protects you from fire.
   It protects you from cold.
   It insulates you from electricity.
   It protects you from poison.
   It lets you blink.
 E - the ring "Ydacee Coel" {rF++ rN+ MP-9 AC+6}
   (You took it off a deep elf annihilator on level 3 of the Elven Halls)

   [ring of protection]

   It affects your AC (+6).
   It greatly protects you from fire.
   It protects you from negative energy.
   It affects your magic capacity (-9).
 P - the ring of the Mage {Wiz MR++ Int+3}
   (You took it off a tengu warrior on level 3 of the Depths)

   [ring of wizardry]

   It improves your spell success rate.
   It affects your intelligence (+3).
   It affects your resistance to hostile enchantments.
 X - the macabre finger necklace {rN+}
   (You found it on level 15 of a ziggurat)

   [amulet of nothing]

   It protects you from negative energy.
Wands
 r - a wand of clouds (6)
 A - a wand of acid (51)
 B - a wand of scattershot (8)
Scrolls
 i - 3 scrolls of torment
 n - 18 scrolls of fog
 x - 51 scrolls of remove curse
 y - 18 scrolls of enchant weapon
 z - 46 scrolls of identify
 C - 20 scrolls of magic mapping
 G - 5 scrolls of amnesia
 S - 5 scrolls of immolation
Potions
 l - 7 potions of invisibility
 q - 28 potions of heal wounds
 s - 10 potions of magic
 u - 3 potions of resistance
 w - 17 potions of agility
 J - 6 potions of ambrosia
 O - 27 potions of brilliance
 U - 36 potions of curing
 V - 11 potions of cancellation
 Z - 12 potions of might
Miscellaneous
 k - 2 sacks of spiders
 M - 3 boxes of beasts
 Y - 4 phantom mirrors
Comestibles
 v - 127 rations


   Skills:
 O Level 27 Fighting
 - Level 13.8(14.6) Short Blades
 - Level 8.3(12.1) Long Blades
   Level 3.1(10.0) Maces & Flails
 - Level 11.8(14.5) Polearms
 - Level 14.1(15.7) Staves
   Level 10.7 Bows
 - Level 14.5 Throwing
 O Level 27 Armour
 * Level 26.3 Dodging
 * Level 18.8 Stealth
 O Level 27 Shields
 O Level 27 Spellcasting
 - Level 16.9 Conjurations
   Level 4.0 Hexes
 * Level 14.1 Charms
 - Level 6.0 Summonings
 * Level 22.6 Necromancy
   Level 0.8 Translocations
 - Level 20.0 Transmutations
 - Level 14.9 Ice Magic
 O Level 27 Air Magic
 O Level 27 Earth Magic
 - Level 6.1 Poison Magic
 O Level 27 Evocations


You had 28 spell levels left.
You knew the following spells:

 Your Spells              Type           Power        Failure   Level  Hunger
a - Borgnjor's Vile Clut  Necr/Erth      ########..   0%          5    None
b - Tornado               Air            ########..   1%          9    None
c - Shatter               Erth           ########..   1%          9    None
d - Regeneration          Chrm/Necr      ########..   0%          3    None
e - Necromutation         Tmut/Necr      ########..   1%          8    None
f - Ozocubu's Armour      Chrm/Ice       ########     0%          3    None
h - Mephitic Cloud        Conj/Pois/Air  ########     0%          3    None
i - Aura of Abjuration    Summ           #######...   1%          5    None
k - Dispel Undead         Necr           ########     0%          5    None
z - Sublimation of Blood  Necr           ########..   0%          2    None

Your spell library contained the following spells:

 Spells                   Type           Power        Failure   Level  Hunger
 Animate Skeleton         Necr           N/A          0%          1    None
 Beastly Appendage        Tmut           ######       0%          1    None
 Flame Tongue             Conj/Fire      #####        0%          1    None
 Freeze                   Ice            ####         0%          1    None
 Infusion                 Chrm           ####         0%          1    None
 Magic Dart               Conj           ####         0%          1    None
 Pain                     Necr           ####         0%          1    None
 Sandblast                Erth           ######       0%          1    None
 Shock                    Conj/Air       ####         0%          1    None
 Sting                    Conj/Pois      ####         0%          1    None
 Corpse Rot               Necr           N/A          0%          2    None
 Ensorcelled Hibernation  Hex/Ice        ######       0%          2    None
 Passwall                 Tmut/Erth      ########     0%          2    None
 Poisonous Vapours        Pois/Air       ######       0%          2    None
 Searing Ray              Conj           ######       0%          2    None
 Shroud of Golubria       Chrm/Tloc      #######...   0%          2    None
 Song of Slaying          Chrm           ########     0%          2    None
 Sticks to Snakes         Tmut           ########     0%          2    None
 Swiftness                Chrm/Air       ########     0%          2    None
 Throw Flame              Conj/Fire      ######       0%          2    None
 Throw Frost              Conj/Ice       ######       0%          2    None
 Dazzling Spray           Conj/Hex       ######       0%          3    None
 Spider Form              Tmut/Pois      ########..   0%          3    None
 Static Discharge         Conj/Air       ########     0%          3    None
 Stone Arrow              Conj/Erth      ######       0%          3    None
 Vampiric Draining        Necr           ########..   0%          3    None
 Airstrike                Air            ########..   0%          4    None
 Animate Dead             Necr           N/A          0%          4    None
 Ice Form                 Ice/Tmut       ########     0%          4    None
 Iskenderun's Mystic Bla  Conj           ########     0%          4    None
 Leda's Liquefaction      Hex/Erth       ########..   0%          4    None
 Petrify                  Tmut/Erth      ########     0%          4    None
 Summon Lightning Spire   Summ/Air       ########     0%          4    None
 Throw Icicle             Conj/Ice       ########     0%          4    None
 Agony                    Necr           ########     0%          5    None
 Blade Hands              Tmut           ########..   0%          5    None
 Bolt of Draining         Conj/Necr      ########..   0%          5    None
 Bolt of Magma            Conj/Fire/Erth ########..   0%          5    None
 Excruciating Wounds      Chrm/Necr      ########..   0%          5    None
 Irradiate                Conj/Tmut      ########..   0%          5    None
 Iskenderun's Battlesphe  Conj/Chrm      ########     0%          5    None
 Lee's Rapid Deconstruct  Erth           ########..   0%          5    None
 Lightning Bolt           Conj/Air       ########..   0%          5    None
 Silence                  Hex/Air        ########..   0%          5    None
 Conjure Ball Lightning   Conj/Air       ########..   0%          6    None
 Death Channel            Necr           ########..   0%          6    None
 Deflect Missiles         Chrm/Air       ########..   0%          6    None
 Freezing Cloud           Conj/Ice/Air   ########..   0%          6    None
 Hydra Form               Tmut           ########..   0%          6    None
 Iron Shot                Conj/Erth      ########..   0%          6    None
 Simulacrum               Ice/Necr       ########..   0%          6    None
 Statue Form              Tmut/Erth      ########.    0%          6    None
 Apportation              Tloc           ######       1%          1    None
 Confusing Touch          Hex            ######       1%          1    None
 Corona                   Hex            #######      1%          1    None
 Summon Butterflies       Summ           #######.     1%          1    None
 Summon Small Mammal      Summ           ####         1%          1    None
 Call Imp                 Summ           #######.     1%          2    None
 Slow                     Hex            #######.     1%          2    None
 Call Canine Familiar     Summ           #######.     1%          3    None
 Confuse                  Hex            #######.     1%          3    None
 Conjure Flame            Conj/Fire      #######.     1%          3    None
 Gell's Gravitas          Tloc           ######....   1%          3    None
 Ignite Poison            Fire/Tmut/Pois #######.     1%          3    None
 Inner Flame              Hex/Fire       ######..     1%          3    None
 Lesser Beckoning         Tloc           ######....   1%          3    None
 Portal Projectile        Hex/Tloc       ######       1%          3    None
 Recall                   Summ/Tloc      N/A          1%          3    None
 Spectral Weapon          Hex/Chrm       #######.     1%          3    None
 Summon Guardian Golem    Hex/Summ       #######.     1%          3    None
 Teleport Other           Tloc           ######..     1%          3    None
 Tukima's Dance           Hex            #######.     1%          3    None
 Cause Fear               Hex            #######...   1%          4    None
 Force Lance              Conj/Tloc      #######.     1%          4    None
 Fulminant Prism          Conj/Hex       ########..   1%          4    None
 Olgreb's Toxic Radiance  Pois           #######.     1%          4    None
 Sticky Flame             Conj/Fire      #######.     1%          4    None
 Summon Ice Beast         Ice/Summ       ########     1%          4    None
 Alistair's Intoxication  Tmut/Pois      ########     1%          5    None
 Fireball                 Conj/Fire      #######...   1%          5    None
 Metabolic Englaciation   Hex/Ice        #######...   1%          5    None
 Summon Demon             Summ           #######...   1%          5    None
 Summon Forest            Summ/Tloc      #######...   1%          5    None
 Summon Mana Viper        Hex/Summ       #######.     1%          5    None
 Venom Bolt               Conj/Pois      ########..   1%          5    None
 Yara's Violent Unravell  Hex/Tmut       ########..   1%          5    None
 Bolt of Cold             Conj/Ice       ########..   1%          6    None
 Bolt of Fire             Conj/Fire      #######...   1%          6    None
 Ozocubu's Refrigeration  Ice            ########..   1%          6    None
 Poison Arrow             Conj/Pois      ########..   1%          6    None
 Dragon Form              Tmut           ########..   1%          7    None
 Haunt                    Necr/Summ      ########..   1%          7    None
 Orb of Destruction       Conj           ########..   1%          7    None
 Spellforged Servitor     Conj/Summ      ########..   1%          7    None
 Borgnjor's Revivificati  Necr           ########..   1%          8    None
 Chain Lightning          Conj/Air       ########..   1%          8    None
 Death's Door             Chrm/Necr      ########..   1%          8    None
 Infestation              Necr           ########..   1%          8    None
 Lehudib's Crystal Spear  Conj/Erth      ########..   1%          8    None
 Shadow Creatures         Summ           N/A          3%          6    None
 Darkness                 Hex            #######...   7%          6    None
 Invisibility             Hex            #######.     7%          6    None
 Ring of Flames           Chrm/Fire      #######...   11%         7    None
 Summon Hydra             Summ           #######...   17%         7    None
 Dispersal                Tloc           ######....   26%         6    None
 Glaciate                 Conj/Ice       ########..   34%         9    None
 Malign Gateway           Summ/Tloc      #######...   45%         7    None
 Discord                  Hex            #######...   97%         8    None
 Disjunction              Tloc           ######....   100%        8    None
 Ignition                 Fire           ######....   100%        8    None
 Dragon's Call            Summ           #######...   100%        9    None
 Fire Storm               Conj/Fire      #######...   100%        9    None
 Blink                    Tloc           Unusable     N/A         2    N/A
 Passage of Golubria      Tloc           Unusable     N/A         4    N/A
 Controlled Blink         Tloc           Unusable     N/A         8    N/A

Dungeon Overview and Level Annotations

Branches:
Dungeon (15/15)            Temple (1/1) D:5            Lair (6/6) D:9
  Swamp (4/4) Lair:4        Snake (4/4) Lair:4        Slime (5/5) Lair:6
    Orc (2/2) D:9             Elf (3/3) Orc:2        Vaults (5/5) D:13
  Crypt (3/3) Vaults:3       Tomb (3/3) Crypt:3      Depths (5/5) D:15
   Hell (1/1)                 Dis (7/7) Hell            Geh (7/7) Hell
    Coc (7/7) Hell            Tar (7/7) Hell            Zot (5/5) Depths:5

Altars:
Ashenzari
Cheibriados
Dithmenos
Elyvilon
Fedhas
Gozag
Hepliaklqana
Kikubaaqudgha
Makhleb
Nemelex Xobeh
Okawaru
Qazlal
Ru
Sif Muna
Trog
Uskayaw
Vehumet
Wu Jian
Xom
Yredelemnul
Zin
The Shining One
Beogh
Jiyva

Shops:
D:10 *   Orc:2 [?::   Elf:1 !   Elf:2 [   Elf:3 }   Vaults:2 }   Vaults:3 =
Depths:4 ***=![[:[[=([*

Portals:
Hell: Depths:1 Depths:2 Depths:3 Depths:4 Depths:5
Abyss: Depths:3 Depths:4
Pandemonium: Depths:1 Depths:3


Innate Abilities, Weirdness & Mutations

You cannot be hasted, slowed, berserked, paralysed or teleported.
You can dig through walls and to a lower floor.
Your four strong arms can wield two-handed weapons with a shield.
You have a pair of large antennae on your head. (SInv)
You have very sharp teeth.
You have large cloven feet.
You are partially covered in rugged brown scales. (AC +1, +3% HP)
You have a somewhat thin skeletal structure. (Dex +2, Stealth)
You are weak. (Str -2)


Message History

Your connection to magic feels more subdued.
Your connection to magic feels less subdued.
You feel extremely strange.
Your teeth shrink to normal size.
Your magic regains its normal vibrancy.
You feel your magical essence link to your wands.
Your bones become slightly less dense.
You feel more energetic.
You feel extremely strange.
You feel less energetic.
Your magical essence is no longer linked to your wands.
You feel weaker.
Your teeth lengthen and sharpen.
Rugged brown scales grow over part of your body.
Your feet thicken and deform.
You extend your mandibles.
You dig through the rock wall.
You retract your mandibles.
There is a staircase leading out of the dungeon here.
You have escaped!

.##......'.........###.........'.
.##.#....#..####.### ###.####..#.
.##.###..#.#.###.# #.###.#.#.
.##.#.#..#.##.#.## ##.#.##.#.
.##.#.#..#.###.## ##.###.#.
.##.#.#..#.##.#.## ##.#.##.#.
.##.#.#..#.#.###.# #.###.#.#.
.##...#..#..###.H### ###.####..#.
.###.....+......@..###.........+.
'###..#..##.####.##.#.##.####.###
......#..###.###$###.###.###.##
.........# ##.##.##.#.##.##.##
....###.### ##.#.#.###.#.#.##
..........# ##...#####...##
....###.#.# ##.........##
#.......#.# ####+#######'####
#..####.#.# #...............#


You could see a friendly primal shockbat beast.

Vanquished Creatures
  Cerebov (Pan)
  Asmodeus (Geh:7)
  the Royal Jelly (Slime:5)
  Antaeus (Coc:7)
  Ereshkigal (Tar:7)
  the Serpent of Hell (Dis:7)
  Gloorx Vloq (Pan)
  A seraph (Pan)
  Mnoleg (Pan)
  Lom Lobon (Pan)
  Khufu (Crypt:1)
  Dispater (Dis:7)
  5 orbs of fire
  Mennas (Pan)
  23 juggernauts
  11 ancient liches
  68 greater mummies
  16 pandemonium lords
  18 shard shrikes
  A curse toe (Zot:5)
  5 Killer Klowns
  14 golden dragons
  Nikola (Snake:3)
  2 caustic shrikes
  Geryon (Hell)
  2 pearl dragons (Pan)
  A profane servitor (Abyss:5)
  9 electric golems
  30 bone dragons
  14 iron giants
  41 Brimstone Fiends
  20 tentacled monstrosities
  50 Tzitzimimeh
  4 hellephants
  The ghost of Flugkiller the Warrior, an adept DgSk (Depths:3)
  17 doom hounds
  26 Ice Fiends
  The ghost of Reogah the Impaler, an adept MfBe of Trog (Vaults:1)
  28 liches
  The ghost of Nips the Hoplite, an adept MiFi of Trog (Lair:5)
  17 Hell Sentinels
  14 quicksilver dragons
  2 deep elf master archers (Elf:3)
  25 Orb Guardians (Zot:5)
  Murray (Hell)
  A quicksilver dragon (shapeshifter) (Zig:7)
  2 deep elf blademasters (Elf:3)
  12 acid blobs
  4 titans
  42 tentacled starspawn
  42 Executioners
  34 ancient champions
  14 death cobs
  12 tengu reavers
  10 eldritch tentacles
  17 sphinxes
  Kirke (Lair:6)
  5 thorn hunters
  18 shadow dragons
  8 draconian monks
  21 azure jellies
  14 storm dragons
  17 draconian knights
  10 revenants
  41 nagarajas
  Roxanne (Swamp:1)
  21 daevas
  21 frost giants
  17 fire giants
  54 balrugs
  13 corrupters
  8 deep elf sorcerers
  9 draconian scorchers
  Louise (Snake:1)
  9 ghost moths
  6 juggernaut zombies
  22 orc warlords
  20 vault wardens
  5 curse skulls
  3 iron dragons
  6 caustic shrike zombies
  2 imperial myrmidons (Desolation)
  14 warmongers (Pan)
  28 angels
  32 very ugly things
  43 cacodemons
  10 draconian shifters
  7 ghouls
  15 war gargoyles
  11 draconian annihilators
  125 reapers
  An entropy weaver (Vaults:3)
  11 draconian stormcallers
  2 elemental wellsprings (Coc:7)
  13 blood saints
  31 stone giants
  13 ironheart preservers
  A spriggan defender (Depths:3)
  7 deep elf elementalists
  2 caustic shrike skeletons (Zig:25)
  22 bennus
  13 green draconians
  A juggernaut skeleton (Zig:26)
  34 apis (Pan)
  22 vampire knights
  14 black suns (Pan)
  11 black draconians
  10 deep elf demonologists
  A dire elephant (Abyss:1)
  24 ophanim
  23 lorocyprocas
  11 deep elf annihilators
  10 spark wasps
  14 purple draconians
  20 red draconians
  Azrael (Snake:1)
  2 halazid warlocks (Desolation)
  13 yellow draconians
  13 white draconians
  23 ettins
  11 deep elf death magi
  6 eidola
  Snorg (D:10)
  51 blizzard demons
  An ettin (shapeshifter) (Vaults:5)
  9 death oozes
  3 merfolk impalers (Depths:5)
  9 quicksilver dragon zombies
  A merfolk javelineer (Depths:4)
  22 green deaths
  5 ragged hierophants
  4 crystal guardians
  66 mummy priests
  7 jiangshi
  10 fire dragons
  25 rakshasas
  2 spectral krakens (Tar:7)
  24 naga warriors
  Fannar (Lair:2)
  4 deep elf high priests
  22 yaktaur captains
  10 quicksilver dragon skeletons
  8 servants of whispers (Desolation)
  Erolcha (Orc:2)
  4 ghost crabs
  17 great orbs of eyes
  32 ice dragons
  2 juggernaut simulacra (Pan)
  4 hell beasts
  6 peacekeepers (Desolation)
  24 centaur warriors
  4 spriggan air magi
  Erica (D:9)
  13 monstrous demonspawn
  28 vault guards
  28 hydras
  6 death knights
  The ghost of Zatzarr the Cleaver, a journeyman DsGl of Okawaru (Lair:1)
  15 anacondas
  A catoblepas (D:12)
  A satyr (Zig:6)
  8 deep troll shamans
  A merfolk avatar (Zig:6)
  54 two-headed ogres
  11 vampire magi
  14 alligators
  4 tengu warriors
  2 two-headed ogres (shapeshifter)
  21 ogre magi
  4 deep troll earth magi
  67 thrashing horrors
  Urug (Lair:1)
  7 spriggan berserkers
  67 death scarabs
  52 hell hogs
  21 titan zombies
  22 naga sharpshooters
  6 holy swine (Pan)
  25 orc high priests
  75 soul eaters
  13 shock serpents
  91 sun demons
  13 storm dragon zombies
  Nergalle (Orc:2)
  3 iron golems
  25 deep elf knights
  7 salamander mystics
  5 titan skeletons
  42 wretched stars
  A fire crab (D:15)
  A fire crab (shapeshifter) (Depths:2)
  184 skeletal warriors
  17 iron trolls
  50 sixfirhies
  2 death drakes
  29 flayed ghosts
  19 shadow wraiths
  100 hell knights
  18 golden dragon zombies
  2 spark wasp zombies
  58 shadow demons
  10 spatial maelstroms
  13 storm dragon skeletons
  3 unseen horrors (shapeshifter)
  3 ghost moth zombies
  A sea snake (Zig:6)
  16 cherubim
  17 infernal demonspawn (Pan)
  10 torturous demonspawn (Pan)
  32 deep trolls
  10 unseen horrors
  4 spriggan druids
  11 naga ritualists
  19 orc knights
  2 obsidian statues
  13 gelid demonspawn (Pan)
  16 glowing orange brains
  29 deep elf archers
  7 shambling mangroves
  19 anaconda zombies
  19 ironbrand convokers
  A lindwurm (Lair:6)
  12 swamp dragons
  9 wizards
  A harpy (shapeshifter) (Depths:3)
  9 golden dragon skeletons
  An orb spider (Abyss:5)
  36 phantasmal warriors
  3 sphinx zombies
  A mana viper (shapeshifter) (Abyss:5)
  31 necromancers
  22 orc sorcerers
  13 shadow dragon zombies
  12 anaconda skeletons
  16 frost giant zombies
  45 ugly things
  9 wolf spiders
  12 wolf spider zombies
  9 shadow dragon skeletons
  A faun (shapeshifter) (Depths:2)
  80 deep elf magi
  20 mana vipers
  18 iron dragon zombies
  12 fire giant zombies
  3 oklob plants (Zig:14)
  16 stone giant zombies
  17 cyclopes
  8 worldbinders (Abyss:5)
  2 tengu skeletons
  An elephant (shapeshifter) (Vaults:5)
  8 manticores
  A sphinx skeleton (Zig:26)
  A black mamba (shapeshifter) (Vaults:5)
  27 guardian serpents
  11 iron dragon skeletons
  2 cyclopes (shapeshifter)
  30 moths of wrath
  8 shining eyes
  15 elephants
  A merfolk siren (Zig:6)
  17 dire elephant zombies
  8 stone giant skeletons
  19 salamanders
  44 black mambas
  A water nymph (Zig:6)
  8 apocalypse crabs (Abyss:5)
  10 fire giant skeletons
  14 ice statues
  An alligator snapping turtle zombie (Crypt:3)
  10 frost giant skeletons
  A torpor snail (Zig:4)
  72 rust devils
  A toenail golem (Abyss:5)
  15 vault sentinels
  7 shock serpent zombies
  8 eyes of devastation
  A storm dragon simulacrum (Zig:15)
  2 spiny frogs (shapeshifter)
  Psyche (D:8)
  A torpor snail (shapeshifter) (Vaults:2)
  20 molten gargoyles
  3 titan simulacra
  24 naga magi
  4 shock serpent skeletons
  6 dire elephant skeletons
  8 spriggan zombies
  90 smoke demons
  52 orange demons
  A guardian serpent (shapeshifter) (Vaults:5)
  36 demonic crawlers
  12 gargoyles
  24 spiny frogs
  69 hellions
  8 spectral swamp worms (Tar:7)
  13 komodo dragons
  4 emperor scorpion zombies
  11 rime drakes
  A black draconian zombie (Crypt:3)
  49 freezing wraiths
  A spark wasp simulacrum (Zig:15)
  7 kobold demonologists
  5 anaconda simulacra
  4 komodo dragons (shapeshifter)
  91 yaktaurs
  2 minotaur zombies
  3 catoblepas skeletons
  A death yak skeleton (Lair:3)
  84 ice devils
  110 guardian mummies
  35 ancient zymes
  5 elf skeletons
  3 tengu conjurers
  25 efreet
  23 hydra zombies
  98 red devils
  2 merfolk (shapeshifter) (Vaults:5)
  36 hellwings
  A jumping spider (Vaults:3)
  3 golden dragon simulacra
  93 tormentors
  27 trolls
  5 silent spectres
  8 tyrant leeches
  3 queen bees (shapeshifter)
  4 harpy zombies
  A wind drake (shapeshifter) (Vaults:3)
  3 merfolk (Zig:6)
  2 shadow dragon simulacra (Coc:2)
  A queen ant zombie (Crypt:2)
  A wind drake (Zig:6)
  9 hydra skeletons
  4 harpy skeletons
  A meliai (D:15)
  57 saltlings
  A tengu simulacrum (Zig:16)
  18 bog bodies
  A sphinx simulacrum (Zig:21)
  A blink frog (shapeshifter) (D:15)
  21 hornets
  129 raiju
  12 fire dragon zombies
  A moth of wrath zombie (Crypt:3)
  A deep troll zombie (Hell)
  A dream sheep (shapeshifter) (Abyss:5)
  10 blink frogs
  14 ettin zombies
  2 fire giant simulacra
  11 ice dragon zombies
  131 slime creatures
  5 dream sheep (Lair:5)
  A satyr zombie (Crypt:3)
  11 black mamba zombies
  9 hippogriffs
  9 alligator zombies
  300 flying skulls
  6 vampires
  8 air elementals
  4 ice dragon skeletons
  A formicid (Pan)
  A redback (shapeshifter) (Zig:16)
  13 spriggans
  46 shadows
  62 ynoxinuls
  A tarantella (shapeshifter) (Abyss:5)
  60 wraiths
  5 alligator skeletons
  13 ettin skeletons
  7 black mamba skeletons
  3 dire elephant simulacra
  A hog (shapeshifter) (Depths:5)
  A redback (Vaults:3)
  6 fire dragon skeletons
  6 hungry ghosts
  42 ushabtiu
  22 humans
  A steam dragon (Lair:6)
  7 basilisks
  5 fire bats
  38 fire elementals
  9 wyverns
  Grum (Lair:1)
  A basilisk (shapeshifter) (D:15)
  64 neqoxecs
  A tyrant leech zombie (Swamp:1)
  22 water elementals
  35 yaks
  35 golden eyes
  A golden eye (shapeshifter) (Depths:4)
  79 chaos spawn
  7 hogs
  A steam dragon (shapeshifter) (Vaults:4)
  2 iron troll simulacra (IceCv)
  20 swamp worms
  A harpy simulacrum (IceCv)
  79 nagas
  24 vampire mosquitoes
  175 large abominations
  13 wargs
  19 insubstantial wisps
  20 spiny frog zombies
  A naga (shapeshifter) (Depths:2)
  A swamp worm (shapeshifter) (Zig:8)
  An emperor scorpion simulacrum (Abyss:5)
  Edmund (D:5)
  4 acid dragons
  11 spatial vortices (Abyss:5)
  2 hydra simulacra (IceCv)
  6 water moccasins
  A demigod (Pan)
  119 hell hounds
  An infernal demonspawn skeleton (Crypt:2)
  A floating eye (shapeshifter) (Depths:2)
  9 porcupines
  A merfolk skeleton (Geh:5)
  58 orc warriors
  A porcupine (shapeshifter) (D:11)
  2 gelid demonspawn skeletons
  2 ice dragon simulacra
  A blink frog zombie (Lair:6)
  6 floating eyes
  6 sky beasts
  6 swamp dragon zombies
  A hornet zombie (D:10)
  8 spiny frog skeletons
  A fire dragon simulacrum (Abyss:5)
  2 deep dwarves (Pan)
  20 ice beasts
  16 swamp drakes
  A lindwurm zombie (Crypt:2)
  18 phantoms
  9 snapping turtle zombies
  A black bear (D:10)
  20 eyes of draining
  42 necrophages
  An ettin simulacrum (Coc:2)
  60 ogres
  12 boggarts
  13 wolves
  A dream sheep skeleton (Lair:2)
  A centaur (shapeshifter) (Abyss:5)
  25 centaurs
  5 swamp dragon skeletons
  3 snapping turtle skeletons
  A rime drake zombie (Lair:2)
  14 crocodiles
  2 manticore skeletons
  11 big kobolds
  A komodo dragon zombie (Lair:4)
  16 elf zombies
  A rime drake skeleton (Lair:3)
  4 earth elementals
  12 bullfrogs
  2 komodo dragon skeletons
  A hippogriff skeleton (Crypt:2)
  2 hell hound zombies (Lair:6)
  4 spiny frog simulacra
  5 water moccasin zombies
  6 scorpions
  A wyvern skeleton (D:15)
  4 water moccasin skeletons
  A yak zombie (Lair:4)
  A polar bear zombie (Crypt:1)
  44 small abominations
  2 elf simulacra
  3 jellies
  4 tengu zombies
  2 troll zombies
  120 wights
  4 troll skeletons
  2 yak skeletons
  3 electric eels
  3 howler monkeys
  25 crimson imps
  5 lava snakes (Lair:6)
  A wolf skeleton (Crypt:3)
  152 starcursed masses
  13 centaur zombies
  A quasit (D:9)
  5 human zombies
  8 hounds
  7 bullfrog skeletons
  4 centaur skeletons
  25 orc priests
  6 bullfrog zombies
  59 iron imps
  6 iguanas
  4 porcupine zombies
  32 orc wizards
  6 worker ants
  A halfling (Pan)
  A lightning spire (Zig:11)
  4 porcupine skeletons
  4 crocodile zombies
  A big kobold skeleton (Crypt:1)
  5 crocodile skeletons
  A naga zombie (Geh:5)
  An ogre zombie (Geh:2)
  5 ogre skeletons
  A hound skeleton (D:4)
  172 mummies
  12 gnolls
  9 adders
  2 river rats (Sewer)
  A scorpion zombie (Crypt:3)
  25 shadow imps
  22 white imps
  An ufetubus (Abyss:4)
  6 oozes
  2 adder zombies (D:7)
  A halfling skeleton (Crypt:3)
  3 worms
  11 ball lightnings (Pan)
  6 dart slugs
  9 leopard geckos
  91 orcs
  5 giant cockroaches
  5 goblins
  9 hobgoblins
  17 jackals
  25 kobolds
  5 quokkas
  5 ball pythons
  A ball python skeleton (Crypt:1)
  6 bats
  8 frilled lizards
  A giant cockroach zombie (D:5)
  A kobold skeleton (Geh:6)
  2 kobold zombies
  An orc skeleton (Geh:3)
  3 quokka skeletons
  A quokka zombie (D:7)
  10 rats
  2 river rat zombies
  17 briar patches (Zig:19)
  A butterfly (Lair:4)
  22 fire vortices
  A fungus (Elf:2)
  8 lurking horrors (Abyss:5)
  2 plants
  29 starspawn tentacles
  3 tentacles (Tar:7)
8898 creatures vanquished.

Vanquished Creatures (collateral kills)
  A balrug (Depths:1)
  A ghoul (Crypt:2)
  A sixfirhy (D:1)
  An orange demon (Depths:1)
  A shadow (Crypt:2)
  A wraith (Crypt:2)
  A necrophage (Crypt:2)
  A lava snake zombie (Crypt:2)
  An iguana skeleton (Crypt:2)
9 creatures vanquished.

Vanquished Creatures (others)
  4 eldritch tentacles
  A balrug (Pan)
  A draconian scorcher (Zig:20)
  An angel (Abyss:4)
  2 elemental wellsprings
  2 blizzard demons
  A ragged hierophant (Desolation)
  3 hell hogs
  34 dancing weapons
  A titan zombie (Hell)
  A sixfirhy (Pan)
  A naga ritualist (Snake:4)
  A deep elf mage (Elf:1)
  A guardian serpent (Desolation)
  A moth of wrath (Zot:5)
  A stone giant skeleton (Geh:5)
  2 naga magi
  3 smoke demons (Pan)
  A rime drake (Swamp:4)
  A harpy zombie (Geh:7)
  A fire dragon skeleton (Geh:7)
  A shadow (Dis:1)
  A wraith (Geh:7)
  A ynoxinul (Pan)
  A fire bat (Geh:7)
  4 fire elementals
  A neqoxec (Pan)
  A chaos spawn (Pan)
  A naga (Snake:4)
  A hell hound (Dis:5)
  A water moccasin (Lair:3)
  3 small abominations (Abyss:5)
  5 mummies
  26 ball lightnings (Pan)
  A kobold skeleton (Geh:6)
  An orc simulacrum (Tomb:2)
  A block of ice (Pan)
  A briar patch (Swamp:1)
  A bush (Abyss:4)
  13 fungi
  A lurking horror (Abyss:5)
  53 plants
  34 starspawn tentacles
  5 tentacles (Tar:7)
222 creatures vanquished.

Grand Total: 9129 creatures vanquished

Notes
Turn   | Place    | Note
-------+----------+-------------------------------------------
     0 | D:1      | DildoBatman the Formicid Wizard began the quest for the
                  | Orb.
     0 | D:1      | Reached XP level 1. HP: 13/13 MP: 4/4
    43 | D:1      | Reached skill level 1 in Conjurations
   365 | D:1      | Reached XP level 2. HP: 14/19 MP: 3/6
   716 | D:1      | Reached XP level 3. HP: 24/24 MP: 0/7
  1400 | D:2      | Reached XP level 4. HP: 4/30 MP: 0/8
  1527 | D:2      | Learned a level 2 spell: Slow
  1531 | D:2      | Learned a level 3 spell: Mephitic Cloud
  2259 | D:3      | Reached XP level 5. HP: 34/35 MP: 5/9
  2424 | D:3      | Noticed an ogre
  2443 | D:3      | Found an ancient bone altar of Kikubaaqudgha.
  2479 | D:3      | Became a worshipper of Kikubaaqudgha
  2493 | D:3      | Killed an ogre
  2493 | D:3      | Reached skill level 1 in Fighting
  2493 | D:3      | Reached skill level 1 in Armour
  2493 | D:3      | Reached skill level 1 in Evocations
  2493 | D:3      | Reached XP level 6. HP: 42/43 MP: 0/10
  3339 | D:4      | Found a glowing drain.
  3405 | D:4      | Reached skill level 1 in Hexes
  3413 | Sewer    | Entered a sewer
  3593 | Sewer    | Reached * piety under Kikubaaqudgha
  3593 | Sewer    | Identified Kikubaaqudgha's Tome of Unholy Rituals
                  | (Kikubaaqudgha gifted it to you in a sewer)
  3593 | Sewer    | Received a gift from Kikubaaqudgha
  3606 | Sewer    | Reached skill level 1 in Poison Magic
  4162 | D:4      | Reached skill level 1 in Air Magic
  4205 | D:4      | Reached XP level 7. HP: 40/50 MP: 4/11
  4314 | D:5      | Entered Level 5 of the Dungeon
  4373 | D:5      | Found a staircase to the Ecumenical Temple.
  4380 | Temple   | Entered the Ecumenical Temple
  4525 | D:5      | Found a radiant altar of Vehumet.
  4529 | D:5      | Noticed Edmund
  4622 | D:5      | Killed Edmund
  4817 | D:5      | Reached skill level 1 in Maces & Flails
  4942 | D:5      | Found a sacrificial altar of Ru.
  4956 | D:5      | Reached XP level 8. HP: 54/56 MP: 8/12
  5599 | D:6      | Reached ** piety under Kikubaaqudgha
  6000 | D:6      | Reached skill level 5 in Poison Magic
  6086 | D:6      | Got a brightly glowing falchion
  6087 | D:6      | Identified the +6 falchion of Eternal Vigilance {slice, rN+
                  | MR+ Dex+2} (You found it on level 6 of the Dungeon)
  6314 | D:7      | Reached skill level 1 in Long Blades
  6507 | D:7      | Reached XP level 9. HP: 55/61 MP: 4/13
  6616 | D:7      | Learned a level 4 spell: Petrify
  6930 | D:7      | Reached skill level 5 in Long Blades
  6935 | D:7      | Learned a level 3 spell: Regeneration
  6994 | D:7      | Reached skill level 1 in Earth Magic
  7271 | D:8      | Reached skill level 1 in Charms
  7271 | D:8      | Reached skill level 1 in Necromancy
  7271 | D:8      | Reached skill level 1 in Transmutations
  7338 | D:8      | Noticed Psyche
  7449 | D:8      | Found a sand-covered staircase.
  7496 | D:8      | Killed Psyche
  7512 | D:8      | Reached *** piety under Kikubaaqudgha
  7512 | D:8      | Identified Kikubaaqudgha's Compendium of Black Rituals
                  | (Kikubaaqudgha gifted it to you on level 8 of the Dungeon)
  7512 | D:8      | Received a gift from Kikubaaqudgha
  7542 | Ossuary  | Entered an ossuary
  7765 | Ossuary  | Reached XP level 10. HP: 67/67 MP: 14/14
  8199 | D:8      | Reached skill level 5 in Earth Magic
  8213 | D:8      | Found a hide-covered altar of Uskayaw.
  8216 | D:8      | Found a stormy altar of Qazlal.
  8221 | D:8      | Found an opulent altar of Gozag.
  8497 | D:9      | Found a staircase to the Lair.
  8533 | D:9      | Reached skill level 5 in Transmutations
  8540 | D:9      | Found a staircase to the Orcish Mines.
  8594 | D:9      | Noticed Erica
  8823 | D:9      | Killed Erica
  8823 | D:9      | Reached skill level 5 in Necromancy
  8933 | D:9      | Got a slimy dagger
  8960 | D:9      | Reached XP level 11. HP: 54/72 MP: 11/15
  9302 | D:9      | Identified the +7 dagger of Jokeb {drain, rPois Int+3} (You
                  | found it on level 9 of the Dungeon)
  9395 | D:10     | Entered Level 10 of the Dungeon
  9416 | D:10     | Found Nuefaguff's Demolitions Depot.
  9498 | D:10     | Noticed a two-headed ogre
  9514 | D:10     | Reached skill level 1 in Short Blades
  9705 | D:10     | Killed a two-headed ogre
  9920 | D:10     | Reached **** piety under Kikubaaqudgha
 10015 | D:10     | Learned a level 3 spell: Stone Arrow
 10144 | D:10     | Noticed Snorg
 10166 | D:10     | Killed Snorg
 10537 | D:10     | Noticed a death knight
 10572 | D:10     | Killed a death knight
 10643 | D:10     | Noticed a fire dragon
 10722 | D:10     | Found a runed door.
 11046 | D:10     | Learned a level 2 spell: Sublimation of Blood
 11261 | D:10     | Killed a fire dragon
 11261 | D:10     | Reached XP level 12. HP: 25/82 MP: 9/18
 11583 | D:10     | Reached skill level 5 in Stealth
 11758 | D:10     | Noticed a centaur warrior
 11768 | D:10     | Noticed a death knight
 11835 | D:10     | Killed a death knight
 11899 | D:10     | Killed a centaur warrior
 12214 | D:10     | Reached skill level 5 in Spellcasting
 12511 | D:11     | Noticed a two-headed ogre
 12656 | D:10     | Killed a two-headed ogre
 12906 | D:10     | Reached skill level 5 in Evocations
 13083 | D:10     | Reached skill level 5 in Armour
 13121 | D:11     | Reached skill level 5 in Fighting
 13492 | D:11     | Reached skill level 1 in Shields
 13558 | D:11     | Got a serpentine brass amulet
 13559 | D:11     | Identified the amulet of the Lobster {Reflect +Inv rPois
                  | rN+ SH+4} (You found it on level 11 of the Dungeon)
 13902 | D:11     | Reached XP level 13. HP: 92/92 MP: 20/20
 13940 | D:11     | Reached skill level 5 in Dodging
 14597 | D:12     | Reached ***** piety under Kikubaaqudgha
 15239 | D:12     | Noticed a catoblepas
 15278 | D:12     | Killed a catoblepas
 15600 | Orc:1    | Entered Level 1 of the Orcish Mines
 15685 | Orc:2    | Entered Level 2 of the Orcish Mines
 15886 | Orc:2    | Found a staircase to the Elven Halls.
 16724 | Orc:2    | Found Itoman's Magic Scroll Boutique.
 16739 | Orc:2    | Bought a scroll of fear for 59 gold pieces
 16752 | Orc:2    | Found an ancient bone altar of Kikubaaqudgha.
 16753 | Orc:2    | Noticed Nergalle
 16770 | Orc:2    | Killed Nergalle
 16838 | Orc:2    | Noticed an ogre mage
 16839 | Orc:2    | Noticed Erolcha
 16864 | Orc:2    | Killed Erolcha
 16881 | Orc:2    | Killed an ogre mage
 16992 | Orc:2    | Found a roughly hewn altar of Beogh.
 16992 | Orc:2    | Found Mijaj's Antique Armour Shop.
 17010 | Orc:2    | Found Figad's Book Shop.
 17037 | Orc:2    | Found a radiant altar of Vehumet.
 17049 | Orc:2    | Bought a twisted cloak for 256 gold pieces
 17067 | Orc:2    | Identified the +2 cloak of Narcissism {rElec Slay+3} (You
                  | bought it in a shop on level 2 of the Orcish Mines)
 17087 | Orc:2    | Found Jussono's Book Shop.
 17469 | Orc:1    | Reached XP level 14. HP: 97/105 MP: 18/21
 18055 | Lair:1   | Entered Level 1 of the Lair of Beasts
 18055 | Lair:1   | Noticed Urug
 18071 | Lair:1   | Killed Urug
 18085 | Lair:1   | Reached skill level 5 in Shields
 18267 | Lair:1   | Found a runed gate.
 18267 | Lair:1   | Found a runed gate.
 18268 | Lair:1   | Found a runed gate.
 18359 | Lair:1   | Noticed Grum
 18368 | Lair:1   | Killed Grum
 18368 | Lair:1   | Reached ****** piety under Kikubaaqudgha
 18395 | D:9      | Received a gift from Kikubaaqudgha
 18396 | D:9      | Fell from the grace of Kikubaaqudgha
 18525 | Temple   | Became a worshipper of Sif Muna the Loreminder
 18546 | D:5      | You fall through a shaft!
 18549 | D:6      | You fall through a shaft!
 18552 | D:7      | You fall through a shaft!
 18555 | D:8      | You fall through a shaft for 2 floors!
 19058 | Lair:1   | Noticed Zatzarr's ghost (journeyman DsGl)
 19066 | Lair:1   | Learned a level 5 spell: Dispel Undead
 19365 | Lair:2   | Noticed Fannar
 19933 | Lair:2   | Killed Fannar
 19992 | Lair:3   | Noticed a reaper
 20879 | Lair:4   | Reached * piety under Sif Muna
 20971 | Lair:4   | Got an encrusted ring mail
 20985 | Lair:4   | Identified the +3 ring mail of Ahynel {Dex+4 SInv Stlth+}
                  | (You found it on level 4 of the Lair of Beasts)
 21031 | Lair:4   | Found a staircase to the Snake Pit.
 21121 | Lair:4   | Found a staircase to the Swamp.
 22177 | Lair:5   | Found a runed door.
 22177 | Lair:5   | Noticed Nips's ghost (adept MiFi)
 22788 | Lair:6   | Entered Level 6 of the Lair of Beasts
 22806 | Lair:6   | Found a viscous altar of Jiyva.
 22830 | Lair:6   | Reached ** piety under Sif Muna
 22870 | Lair:6   | Found a staircase to the Slime Pits.
 23072 | Lair:6   | Reached XP level 15. HP: 95/110 MP: 12/24
 23381 | Lair:6   | Noticed Kirke
 23508 | Lair:6   | Killed Kirke
 23508 | Lair:6   | Reached *** piety under Sif Muna
 23508 | Lair:6   | Reached skill level 10 in Necromancy
 24667 | Lair:6   | Found a large runed door.
 24667 | Lair:6   | Found a large runed door.
 24793 | Lair:6   | Reached **** piety under Sif Muna
 24895 | Lair:6   | Was forgiven by Kikubaaqudgha
 25375 | Lair:6   | Got a pitted quarterstaff
 25377 | Lair:6   | Identified the +7 quarterstaff of Upakleho {flame, +Inv rF+
                  | Dex+6 SInv} (You found it on level 6 of the Lair of Beasts)
 25494 | Lair:5   | Killed Nips's ghost
 25624 | Lair:1   | Killed Zatzarr's ghost
 25624 | Lair:1   | Reached skill level 10 in Spellcasting
 26003 | Orc:2    | Bought a book of Dreams for 975 gold pieces
 26003 | Orc:2    | Bought a book of Maledictions for 325 gold pieces
 26007 | Orc:2    | Learned a level 3 spell: Confuse
 26013 | Orc:2    | Learned a level 5 spell: Borgnjor's Vile Clutch
 26722 | D:13     | Reached XP level 16. HP: 120/120 MP: 14/30
 26778 | D:13     | Reached ***** piety under Sif Muna
 26778 | D:13     | Received a gift from Sif Muna
 27039 | D:13     | Found a gate to the Vaults.
 27749 | D:14     | Found a glowing golden altar of the Shining One.
 28116 | D:15     | Entered Level 15 of the Dungeon
 28487 | D:15     | Found a staircase to the Depths.
 28558 | D:15     | Found an opulent altar of Gozag.
 28559 | D:15     | Found a sparkling altar of Nemelex Xobeh.
 28559 | D:15     | Found a bloodstained altar of Trog.
 28651 | D:15     | Reached skill level 10 in Earth Magic
 28884 | D:15     | HP: 4/120 [stone giant/large rock (32)]
 29066 | D:15     | Noticed a fire giant
 29096 | D:15     | Noticed a sphinx
 29106 | D:15     | Killed a fire giant
 29111 | D:15     | Killed a sphinx
 29111 | D:15     | Reached XP level 17. HP: 95/125 MP: 15/32
 29147 | D:15     | Identified Sif Muna's Reference Book on Darkness (Sif Muna
                  | gifted it to you on level 15 of the Dungeon)
 29147 | D:15     | Received a gift from Sif Muna
 29168 | D:15     | Noticed a storm dragon
 29222 | D:15     | Killed a storm dragon
 29335 | D:15     | Identified a +0 pair of boots of running (You found it on
                  | level 15 of the Dungeon)
 29688 | D:9      | You fall through a shaft for 3 floors!
 29691 | D:12     | You fall through a shaft for 2 floors!
 29880 | D:15     | Noticed a sphinx
 29894 | D:15     | Killed a sphinx
 30351 | Snake:1  | Entered Level 1 of the Snake Pit
 30677 | Snake:1  | Noticed Louise
 30695 | Snake:1  | Noticed Azrael
 30738 | Snake:1  | Killed Azrael
 30780 | Snake:1  | Received a gift from Sif Muna
 30920 | Snake:1  | Killed Louise
 31422 | Snake:2  | Reached skill level 10 in Shields
 32182 | Snake:2  | Reached XP level 18. HP: 132/132 MP: 29/35
 32930 | Snake:3  | Noticed Nikola
 32999 | Snake:3  | Killed Nikola
 33483 | Snake:4  | Entered Level 4 of the Snake Pit
 33915 | Snake:4  | Reached skill level 15 in Shields
 34580 | Snake:4  | Reached XP level 19. HP: 131/138 MP: 24/36
 34652 | Snake:4  | Identified Kauptuag's Tome of the Snowflakes and Good Luck
                  | (Sif Muna gifted it to you on level 4 of the Snake Pit)
 34652 | Snake:4  | Received a gift from Sif Muna
 34924 | Snake:4  | Reached skill level 10 in Transmutations
 35205 | Snake:4  | Got a serpentine rune of Zot
 35741 | D:9      | Learned a level 8 spell: Necromutation
 35741 | D:9      | Fell from the grace of Sif Muna
 35796 | D:8      | Became a worshipper of Gozag Ym Sagoz the Greedy
 35893 | Swamp:1  | Entered Level 1 of the Swamp
 36287 | Swamp:1  | Noticed Roxanne
 36311 | Swamp:1  | Killed Roxanne
 36318 | Swamp:1  | Identified Roxanne's Disquisition on Changing (You took it
                  | off Roxanne on level 1 of the Swamp)
 36715 | Swamp:1  | Got a bloodstained robe
 36726 | Swamp:1  | Identified the cursed +0 robe of the Unbroken {rPois rF+
                  | Stlth-} (You found it on level 1 of the Swamp)
 37065 | Swamp:2  | Found a frozen archway.
 37145 | IceCv    | Entered an ice cave
 37478 | IceCv    | Reached skill level 15 in Necromancy
 37581 | IceCv    | Reached XP level 20. HP: 121/144 MP: 33/38
 38659 | Swamp:2  | Learned a level 5 spell: Fireball
 39641 | Swamp:4  | Entered Level 4 of the Swamp
 40351 | Swamp:4  | Got a decaying rune of Zot
 40494 | Swamp:4  | Identified a scroll of acquirement
 41135 | D:9      | Got a vibrating tin ring
 41137 | D:9      | Identified the ring "Jufiofru" {+Blink rPois rN+ Int-3
                  | Slay-4} (You acquired it on level 9 of the Dungeon)
 41208 | Elf:1    | Entered Level 1 of the Elven Halls
 41585 | Elf:1    | Found Huadwopu's Distillery.
 41995 | Elf:1    | Reached XP level 21. HP: 145/150 MP: 34/39
 42797 | Elf:2    | Identified Dilint's Guide on Enthralling Black Rites
 42834 | Elf:2    | Found Bovuutz's Armour Emporium.
 42896 | Elf:2    | Reached skill level 15 in Transmutations
 43087 | Elf:2    | Noticed a Brimstone Fiend
 43564 | Elf:2    | Found a huge runed gate.
 43564 | Elf:2    | Found a huge runed gate.
 43577 | Elf:2    | Found a huge runed gate.
 44363 | Elf:3    | Entered Level 3 of the Elven Halls
 44614 | Elf:3    | Got a transparent scimitar
 44622 | Elf:3    | Identified the +6 scimitar "Polybomuxi" {drain, rC+} (You
                  | found it on level 3 of the Elven Halls)
 44943 | Elf:3    | Found Lakhiut's Gadget Boutique.
 45586 | Elf:3    | Was forgiven by Sif Muna
 45921 | Elf:3    | Reached XP level 22. HP: 110/156 MP: 5/40
 46134 | Elf:3    | Got a warped brass amulet
 46136 | Elf:3    | Identified the amulet "Boqeaz" {RegenMP +Blink rElec rPois
                  | rF+ rC+} (You took it off a deep elf blademaster on level 3
                  | of the Elven Halls)
 46410 | Elf:3    | Got a bound golden ring
 46412 | Elf:3    | Got a transparent broad axe {chop}
 46474 | Elf:3    | Got a steaming flail {drain}
 46498 | Elf:3    | Identified the Volume of Fetching Stones
 46588 | Elf:3    | Got a heavily runed golden ring
 46721 | Elf:3    | Identified the +4 broad axe "Juow" {chop, rF++} (You took
                  | it off a deep elf elementalist on level 3 of the Elven
                  | Halls)
 46724 | Elf:3    | Identified the cursed +1 flail of Psychosis {drain, rElec
                  | rC- MR+ Dex+3} (You took it off a deep elf sorcerer on
                  | level 3 of the Elven Halls)
 46755 | Elf:3    | Identified the ring "Moucicw" {*Tele rF- rN++ Dex+4 Slay+2}
                  | (You took it off a deep elf elementalist on level 3 of the
                  | Elven Halls)
 46757 | Elf:3    | Identified the ring "Ydacee Coel" {rF++ rN+ MP-9 AC+6} (You
                  | took it off a deep elf annihilator on level 3 of the Elven
                  | Halls)
 47523 | D:13     | Gained mutation: You are robust. (+10% HP) [potion of
                  | mutation]
 47523 | D:13     | Gained mutation: You expend magic power (3 MP) to
                  | strengthen your wands. [potion of mutation]
 47523 | D:13     | Gained mutation: You are agile. (Dex +2) [potion of
                  | mutation]
 47523 | D:13     | Gained mutation: You are very agile. (Dex +4) [potion of
                  | mutation]
 47524 | D:13     | Lost mutation: You expend magic power (3 MP) to strengthen
                  | your wands. [potion of mutation]
 47524 | D:13     | Lost mutation: You are very agile. (Dex +4) [potion of
                  | mutation]
 47524 | D:13     | Gained mutation: You are partially covered in rugged brown
                  | scales. (AC +1, +3% HP) [potion of mutation]
 47524 | D:13     | Gained mutation: Potions are less effective at restoring
                  | your health. [potion of mutation]
 47524 | D:13     | Gained mutation: Your movements are slightly less
                  | encumbered by armour. (ER -2) [potion of mutation]
 47524 | D:13     | Gained mutation: Your spells are a little harder to cast,
                  | but a little more powerful. [potion of mutation]
 47525 | D:13     | Lost mutation: Your spells are a little harder to cast, but
                  | a little more powerful. [potion of mutation]
 47525 | D:13     | Lost mutation: You are robust. (+10% HP) [potion of
                  | mutation]
 47525 | D:13     | Lost mutation: You are agile. (Dex +2) [potion of mutation]
 47525 | D:13     | Lost mutation: You are partially covered in rugged brown
                  | scales. (AC +1, +3% HP) [potion of mutation]
 47525 | D:13     | Gained mutation: You are resistant to electric shocks.
                  | (rElec) [potion of mutation]
 47525 | D:13     | Gained mutation: Your spells are a little easier to cast,
                  | but a little less powerful. [potion of mutation]
 47525 | D:13     | Gained mutation: You are partially covered in thin metallic
                  | scales. (AC +2) [potion of mutation]
 47526 | D:13     | Lost mutation: Potions are less effective at restoring your
                  | health. [potion of mutation]
 47526 | D:13     | Lost mutation: Your spells are a little easier to cast, but
                  | a little less powerful. [potion of mutation]
 47526 | D:13     | Lost mutation: Your movements are slightly less encumbered
                  | by armour. (ER -2) [potion of mutation]
 47526 | D:13     | Gained mutation: You are partially covered in molten
                  | scales. (AC +2) [potion of mutation]
 47526 | D:13     | Gained mutation: Your system is resistant to poisons.
                  | (rPois) [potion of mutation]
 47527 | D:13     | Lost mutation: Your system is resistant to poisons. (rPois)
                  | [potion of mutation]
 47527 | D:13     | Lost mutation: You are resistant to electric shocks.
                  | (rElec) [potion of mutation]
 47527 | D:13     | Lost mutation: You are partially covered in thin metallic
                  | scales. (AC +2) [potion of mutation]
 47527 | D:13     | Gained mutation: You have sharp fingernails. [potion of
                  | mutation]
 47527 | D:13     | Gained mutation: Potions are less effective at restoring
                  | your health. [potion of mutation]
 47527 | D:13     | Gained mutation: You are agile. (Dex +2) [potion of
                  | mutation]
 47528 | D:13     | Lost mutation: You are partially covered in molten scales.
                  | (AC +2) [potion of mutation]
 47528 | D:13     | Lost mutation: Potions are less effective at restoring your
                  | health. [potion of mutation]
 47528 | D:13     | Lost mutation: You are agile. (Dex +2) [potion of mutation]
 47528 | D:13     | Lost mutation: You have sharp fingernails. [potion of
                  | mutation]
 47528 | D:13     | Gained mutation: Your mind is acute. (Int +2) [potion of
                  | mutation]
 47528 | D:13     | Gained mutation: You expend magic power (3 MP) to
                  | strengthen your wands. [potion of mutation]
 47528 | D:13     | Gained mutation: You are partially covered in slimy green
                  | scales. (AC +2) [potion of mutation]
 47583 | Vaults:1 | Entered Level 1 of the Vaults
 47658 | Vaults:1 | Reached skill level 1 in Staves
 47890 | Vaults:1 | Got a dazzling quarterstaff {flame}
 47904 | Vaults:1 | Identified the +6 quarterstaff of Jugutz {flame, rN+} (You
                  | took it off an ogre mage on level 1 of the Vaults)
 48437 | Vaults:1 | Reached XP level 23. HP: 102/161 MP: 5/41
 48566 | Vaults:1 | Reached skill level 5 in Staves
 48682 | Vaults:1 | Found a runed door.
 48682 | Vaults:1 | Noticed Reogah's ghost (adept MfBe)
 48771 | Vaults:1 | Killed Reogah's ghost
 48776 | Vaults:1 | Got a dazzling dire flail
 48788 | Vaults:1 | Identified the +2 dire flail "No More Talking" {crush,
                  | +Rage Int+3} (You found it on level 1 of the Vaults)
 49778 | Vaults:2 | Found Eboy's Gadget Boutique.
 50472 | Vaults:3 | Learned a level 5 spell: Lee's Rapid Deconstruction
 50537 | Vaults:3 | Found a ruined gateway.
 50598 | Vaults:3 | Found the +0 pair of fencer's gloves {+Riposte Dex+3}
 50633 | Desolati | Entered the Desolation of Salt
 51139 | Desolati | Reached XP level 24. HP: 125/168 MP: 29/41
 51324 | Desolati | Reached skill level 15 in Spellcasting
 51428 | Desolati | Got a polished lajatang
 51444 | Desolati | Got a slimy granite ring
 51811 | Desolati | Identified Dozxim's Tome of Quantum Transformation
 52172 | Desolati | Got a wavering jade ring
 52174 | Desolati | Got a steaming lead ring
 52428 | Vaults:3 | Identified the +4 lajatang "Spider's Doom" {elec, -Tele
                  | Dex+5} (You found it in the Desolation of Salt)
 52881 | Vaults:3 | Found a staircase to the Crypt.
 53231 | Vaults:3 | Found Idageihu's Jewellery Shop.
 53643 | Vaults:3 | Identified the ring "Kumug" {rN+ MR++ Int+3} (You found it
                  | in the Desolation of Salt)
 53646 | Vaults:3 | Identified the ring of Egalitarianism {rCorr rF- Str+3
                  | Dex+5 SInv} (You found it in the Desolation of Salt)
 53647 | Vaults:3 | Identified the ring "Faishryg" {Ice *Corrode rPois Dex+3
                  | Stlth+} (You found it in the Desolation of Salt)
 53699 | Vaults:3 | Reached skill level 10 in Fighting
 54219 | Crypt:1  | Entered Level 1 of the Crypt
 54651 | Crypt:1  | Noticed a greater mummy
 54654 | Crypt:1  | Noticed a greater mummy
 54655 | Crypt:1  | Noticed Khufu
 54715 | Crypt:1  | Killed a greater mummy
 54715 | Crypt:1  | Reached skill level 10 in Stealth
 54801 | Crypt:1  | Killed Khufu
 54801 | Crypt:1  | Reached XP level 25. HP: 167/176 MP: 14/42
 54876 | Crypt:1  | Killed a greater mummy
 55096 | Crypt:1  | Found a deep blue altar of Sif Muna.
 55122 | Crypt:1  | Got a smoking tin amulet
 55166 | Crypt:1  | Identified the Handbook of the Escort
 55192 | Crypt:1  | Got a slimy long sword
 55236 | Crypt:1  | Identified the +11 long sword of Patterns {flame, rF++}
                  | (You found it on level 1 of the Crypt)
 55239 | Crypt:1  | Identified the amulet of Oklaupri {RegenMP rC+ rN+ Str-5
                  | Dex+4} (You took it off a vampire mage on level 1 of the
                  | Crypt)
 55683 | Crypt:2  | Learned a level 3 spell: Ozocubu's Armour
 55809 | Crypt:2  | Reached skill level 1 in Ice Magic
 56493 | Crypt:3  | Entered Level 3 of the Crypt
 56644 | Crypt:2  | Reached skill level 5 in Charms
 57515 | Crypt:3  | Found a basalt altar of Yredelemnul.
 57613 | Crypt:3  | Found an ancient bone altar of Kikubaaqudgha.
 57655 | Crypt:3  | Got a crude steel ring
 57657 | Crypt:3  | Got a crude platinum ring
 57657 | Crypt:3  | Got a shimmering granite ring
 57657 | Crypt:3  | Got a slimy brass ring
 57659 | Crypt:3  | Got a scorched glass ring
 57667 | Crypt:3  | Got a transparent spear
 57697 | Crypt:3  | Identified the Tome of Ice and Contamination
 57731 | Crypt:3  | Got a translucent falchion
 57733 | Crypt:3  | Got a brightly glowing arbalest
 57740 | Crypt:3  | Identified the +6 spear "Ycsozae" {speed, Int+6} (You found
                  | it on level 3 of the Crypt)
 57742 | Crypt:3  | Identified the cursed +2 falchion "Emekli" {venom, rElec
                  | rPois MR+ Stlth+} (You found it on level 3 of the Crypt)
 57765 | Crypt:3  | Identified the ring "Ejial" {*Tele rN+ Slay+2 Stlth-} (You
                  | found it on level 3 of the Crypt)
 57769 | Crypt:3  | Identified the ring of Narygh {rPois rF+ rN+ Int+2 Dex+5}
                  | (You found it on level 3 of the Crypt)
 57771 | Crypt:3  | Identified the ring "Caheqita" {*Contam rElec rC+++ rN+
                  | Int-5} (You found it on level 3 of the Crypt)
 57776 | Crypt:3  | Identified the ring "Nonavek" {rC+ rN+ Int+4} (You found it
                  | on level 3 of the Crypt)
 57778 | Crypt:3  | Identified the ring "Dem Usifug" {rElec rN+ Int+2} (You
                  | found it on level 3 of the Crypt)
 57783 | Crypt:3  | Identified the cursed +1 arbalest "Senemij" {speed, MP+9}
                  | (You found it on level 3 of the Crypt)
 57967 | Crypt:3  | Found a staircase to the Tomb.
 57978 | Tomb:1   | Entered Level 1 of the Tomb of the Ancients
 58027 | Tomb:1   | Reached skill level 5 in Ice Magic
 58297 | Tomb:1   | Reached XP level 26. HP: 93/184 MP: 8/42
 58565 | Tomb:1   | Noticed a greater mummy
 58569 | Tomb:1   | Reached skill level 15 in Earth Magic
 58581 | Tomb:1   | Killed a greater mummy
 59665 | Vaults:4 | Got a shimmering halberd
 59666 | Vaults:4 | Identified the +5 halberd of Bloodstone {flame, rElec rN+}
                  | (You found it on level 4 of the Vaults)
 60920 | Depths:1 | Entered Level 1 of the Depths
 61423 | Depths:1 | Got a twisted flail
 61424 | Depths:1 | Identified the Papyrus of the Assistive Blaze
 61556 | Depths:1 | Found a one-way gate leading to the halls of Pandemonium.
 61974 | Depths:1 | Got a crude chain mail
 62106 | Depths:1 | Found a gateway to Hell.
 62329 | Depths:1 | Identified Jucwy's Initiation to Thaumaturgy
 62403 | Depths:1 | Got an uncursed ebony hand crossbow {velocity}
 62433 | Depths:1 | Identified the +4 flail "Ozxat" {antimagic, rElec rF+++
                  | Dex-3 Stlth+} (You found it on level 1 of the Depths)
 62435 | Depths:1 | Identified the +6 hand crossbow of Purpose {velocity, rElec
                  | rF+ Str-3 Stlth+} (You took it off a yaktaur captain on
                  | level 1 of the Depths)
 62449 | Depths:1 | Identified the cursed +0 chain mail "Cuocufi" {rElec rC+
                  | rN+++ Int-5} (You found it on level 1 of the Depths)
 62504 | Depths:2 | Reached XP level 27. HP: 142/190 MP: 5/42
 62819 | Depths:2 | Got a slimy lapis lazuli ring
 64745 | Depths:3 | Found a runed gate.
 64745 | Depths:3 | Found a runed gate.
 64745 | Depths:3 | Found a runed gate.
 64748 | Depths:3 | Noticed Flugkiller's ghost (adept DgSk)
 64758 | Depths:3 | Killed Flugkiller's ghost
 64990 | Depths:3 | Got an ichor-stained plate armour
 65164 | Depths:3 | Got a crystal dagger
 65370 | Depths:3 | Found a one-way gate to the infinite horrors of the Abyss.
 65435 | Depths:3 | Identified the +4 dagger of Demand {flame, *Slow rPois rC+
                  | Str+2 Dex+7} (You found it on level 3 of the Depths)
 65448 | Depths:3 | Identified the +1 plate armour of Imiuppuss {rN+ Str+4}
                  | (You found it on level 3 of the Depths)
 65465 | Depths:3 | Identified the ring "Rusmus" {MP+9 Int+4 Dex+4} (You took
                  | it off a yaktaur on level 2 of the Depths)
 65530 | Depths:4 | Found a gateway to a ziggurat.
 66761 | Depths:4 | Noticed a juggernaut
 66788 | Depths:4 | Killed a juggernaut
 66931 | Depths:4 | Noticed a juggernaut
 67000 | Depths:4 | Noticed an ancient lich
 67059 | Depths:4 | Killed a juggernaut
 67076 | Depths:4 | Killed an ancient lich
 67282 | Depths:5 | Entered Level 5 of the Depths
 67485 | Depths:5 | Noticed a juggernaut
 67498 | Depths:5 | Killed a juggernaut
 68138 | Depths:5 | Found a gate to the Realm of Zot.
 68178 | Depths:5 | Reached skill level 27 in Earth Magic
 69298 | Orc:2    | Bought a book of the Tempests for 910 gold pieces
 69308 | Orc:2    | Learned a level 9 spell: Shatter
 69402 | D:10     | Bought a manual of Conjurations for 1435 gold pieces
 69402 | D:10     | Bought a manual of Conjurations for 1435 gold pieces
 69918 | Depths:4 | Bought an ancient rapier for 270 gold pieces
 69918 | Depths:4 | Bought a fine robe for 171 gold pieces
 69918 | Depths:4 | Identified the cursed +1 rapier "Piqitud" {drain, *Rage
                  | rF++ Stlth+} (You bought it in a shop on level 4 of the
                  | Depths)
 69932 | Depths:4 | Identified the +2 robe of Meshrorche {rElec MR+ Str+4} (You
                  | bought it in a shop on level 4 of the Depths)
 70002 | Depths:4 | Bought a brightly glowing robe for 210 gold pieces
 70002 | Depths:4 | Found the brightly glowing robe
 70002 | Depths:4 | Bought a pitted ring mail for 333 gold pieces
 70002 | Depths:4 | Bought a creamy pearl robe for 210 gold pieces
 70002 | Depths:4 | Bought a bloodstained plate armour for 1036 gold pieces
 70002 | Depths:4 | Bought the +3 robe of Folly {Archmagi, MR-- Int+5} for 1998
                  | gold pieces
 70002 | Depths:4 | Found the +3 robe of Folly {Archmagi, MR-- Int+5}
 70015 | Depths:4 | Identified the cursed -5 robe of Misfortune {-Cast *Contam
                  | *Tele *Drain EV-5 Stlth-- *Curse} (You bought it in a shop
                  | on level 4 of the Depths)
 70027 | Depths:4 | Identified the cursed +0 ring mail "Ydwun" {rCorr Int+2
                  | Dex-2} (You bought it in a shop on level 4 of the Depths)
 70041 | Depths:4 | Identified the +0 robe of Gravitas {rC++ MR++ Dex-2} (You
                  | bought it in a shop on level 4 of the Depths)
 70053 | Depths:4 | Identified the +8 plate armour of Analysis {rPois MP+9
                  | SInv} (You bought it in a shop on level 4 of the Depths)
 70635 | Tomb:1   | Noticed a greater mummy
 70635 | Tomb:1   | Noticed a greater mummy
 70644 | Tomb:1   | Noticed a greater mummy
 70644 | Tomb:1   | Noticed a greater mummy
 70652 | Tomb:1   | Killed a greater mummy
 70652 | Tomb:1   | Killed a greater mummy
 70652 | Tomb:1   | Killed a greater mummy
 70653 | Tomb:1   | Killed a greater mummy
 70653 | Tomb:1   | Noticed a greater mummy
 70664 | Tomb:1   | Noticed a greater mummy
 70669 | Tomb:1   | Noticed a greater mummy
 70671 | Tomb:1   | Killed a greater mummy
 70671 | Tomb:1   | Killed a greater mummy
 70725 | Tomb:1   | Noticed a greater mummy
 70738 | Tomb:1   | Killed a greater mummy
 70788 | Tomb:1   | Noticed a greater mummy
 70794 | Tomb:1   | Killed a greater mummy
 70796 | Tomb:1   | Killed a greater mummy
 70840 | Tomb:1   | Noticed a greater mummy
 70853 | Tomb:1   | Killed a greater mummy
 70934 | Tomb:1   | Noticed a greater mummy
 70952 | Tomb:1   | Noticed a greater mummy
 71073 | Tomb:1   | Killed a greater mummy
 71086 | Tomb:1   | Killed a greater mummy
 71165 | Tomb:1   | Noticed a greater mummy
 71174 | Tomb:1   | Killed a greater mummy
 71347 | Tomb:2   | Noticed a greater mummy
 71347 | Tomb:2   | Noticed a greater mummy
 71357 | Tomb:2   | Killed a greater mummy
 71362 | Tomb:2   | Noticed a greater mummy
 71365 | Tomb:2   | Killed a greater mummy
 71367 | Tomb:2   | Noticed a greater mummy
 71372 | Tomb:2   | Killed a greater mummy
 71408 | Tomb:1   | Killed a greater mummy
 72071 | Tomb:3   | Entered Level 3 of the Tomb of the Ancients
 72086 | Tomb:3   | Noticed a greater mummy
 72087 | Tomb:3   | Killed a greater mummy
 72087 | Tomb:3   | Noticed a greater mummy
 72285 | Tomb:3   | Reached skill level 15 in Fighting
 72286 | Tomb:3   | Killed a greater mummy
 72317 | Tomb:3   | Noticed a greater mummy
 72331 | Tomb:3   | Killed a greater mummy
 72343 | Tomb:3   | Noticed a greater mummy
 72363 | Tomb:3   | Killed a greater mummy
 72608 | Tomb:3   | Noticed a greater mummy
 72615 | Tomb:3   | Noticed a greater mummy
 72621 | Tomb:3   | Killed a greater mummy
 72637 | Tomb:3   | Killed a greater mummy
 72648 | Tomb:3   | Noticed a greater mummy
 72659 | Tomb:3   | Killed a greater mummy
 72684 | Tomb:3   | Noticed a greater mummy
 72694 | Tomb:3   | Killed a greater mummy
 72745 | Tomb:3   | Noticed a greater mummy
 72752 | Tomb:3   | Killed a greater mummy
 72792 | Tomb:3   | Got a golden rune of Zot
 73001 | Tomb:3   | Got a steaming rapier
 73085 | Tomb:3   | Got a crude lapis lazuli ring
 73264 | Tomb:3   | Got a pitted amber ring
 73275 | Tomb:3   | Got a scintillating ivory amulet
 73287 | Tomb:3   | Got a twitching crystal amulet
 73402 | Tomb:3   | Got a brightly glowing spear
 73483 | Tomb:3   | Identified the +8 rapier of Dividends {elec, Str+2 Dex+4}
                  | (You found it on level 3 of the Tomb of the Ancients)
 73486 | Tomb:3   | Identified the +3 spear "Qoriklaw" {speed, rC+ rN+} (You
                  | found it on level 3 of the Tomb of the Ancients)
 73519 | Tomb:3   | Identified the amulet of Opage {Inacc Dex+5} (You found it
                  | on level 3 of the Tomb of the Ancients)
 73525 | Tomb:3   | Identified the ring of the Ban {Str+2 Int+4 Dex+4 Stlth-}
                  | (You found it on level 3 of the Tomb of the Ancients)
 73531 | Tomb:3   | Identified the ring of Batsoh {Ice Str-2 Dex+5 SInv} (You
                  | found it on level 3 of the Tomb of the Ancients)
 73543 | Tomb:3   | Identified the amulet of Starshine {Reflect rElec MR+ SH+3}
                  | (You found it on level 3 of the Tomb of the Ancients)
 73857 | Vaults:5 | Entered Level 5 of the Vaults
 73863 | Vaults:5 | Noticed an ancient lich
 73900 | Vaults:5 | Killed an ancient lich
 73965 | Vaults:5 | Noticed an ancient lich
 73966 | Vaults:5 | Noticed an ancient lich
 74021 | Vaults:5 | Killed an ancient lich
 74021 | Vaults:5 | Killed an ancient lich
 74624 | Vaults:5 | Found the amulet of the Air {Inacc +Fly rElec EV+5 RMsl}
 75071 | Vaults:5 | Got a silver rune of Zot
 75079 | Vaults:5 | Identified the Handbook of Quantum Stones
 75106 | Vaults:5 | Got a fine iron amulet
 75392 | Vaults:5 | Got a faintly glowing arbalest
 75871 | Vaults:5 | Identified Damapaw's Catalogue of Absolutism
 75993 | Vaults:5 | Got a smoking flail
 75994 | Vaults:5 | Identified the Collected Works on the Mountains
 76041 | Vaults:5 | Identified the Guide on Necromancy
 76117 | Vaults:5 | Identified the +1 flail of Cakofyl {vamp, Dex+4} (You found
                  | it on level 5 of the Vaults)
 76120 | Vaults:5 | Identified the cursed +1 arbalest of Defence by Offence
                  | {freeze, *Contam Int+4 Dex+3} (You took it off a yaktaur on
                  | level 5 of the Vaults)
 76135 | Vaults:5 | Identified the amulet "Cewelok" {Faith rPois rC+ Slay-3}
                  | (You found it on level 5 of the Vaults)
 76155 | Vaults:5 | Got a brightly glowing cloak
 76166 | Vaults:5 | Identified the +2 cloak of Kuos {rPois rF- Regen+ Dex+2}
                  | (You acquired it on level 5 of the Vaults)
 76643 | Depths:4 | Bought a bronze ring mail for 189 gold pieces
 76643 | Depths:4 | Bought a scorched chain mail for 199 gold pieces
 76643 | Depths:4 | Bought a warped ring mail for 189 gold pieces
 76643 | Depths:4 | Bought a smoking leather armour for 147 gold pieces
 76659 | Depths:4 | Identified the +1 ring mail "Nodyinik" {*Contam +Inv Str+6
                  | Int+4} (You bought it in a shop on level 4 of the Depths)
 76673 | Depths:4 | Identified the +3 chain mail of Curiosity {Regen+} (You
                  | bought it in a shop on level 4 of the Depths)
 76683 | Depths:4 | Identified the cursed +1 ring mail of Failure {Str+3} (You
                  | bought it in a shop on level 4 of the Depths)
 76706 | Depths:4 | Identified the +1 leather armour of Repulsion {+Inv MR+}
                  | (You bought it in a shop on level 4 of the Depths)
 76761 | Depths:4 | Bought a transparent mace for 352 gold pieces
 76761 | Depths:4 | Bought an ebony mace for 352 gold pieces
 76761 | Depths:4 | Bought a spiked plate armour for 1232 gold pieces
 76762 | Depths:4 | Identified the +7 mace of the Extremes {venom, Str+4 Int+2}
                  | (You bought it in a shop on level 4 of the Depths)
 76776 | Depths:4 | Identified the +7 mace of Defence by Offence {freeze, rPois
                  | Str+2 Stlth-} (You bought it in a shop on level 4 of the
                  | Depths)
 76789 | Depths:4 | Identified the +4 plate armour "Wyxunimn" {+Inv rElec
                  | Str-4} (You bought it in a shop on level 4 of the Depths)
 76805 | Depths:4 | Bought the +9 quarterstaff of Spores {elec, -Tele rPois
                  | rF++ SInv} for 2057 gold pieces
 76847 | Hell     | Entered the Vestibule of Hell
 76847 | Hell     | Noticed Geryon
 76962 | Hell     | Noticed Murray
 76986 | Hell     | Killed Murray
 77175 | Hell     | Reached skill level 10 in Evocations
 77220 | Hell     | Killed Geryon
 77378 | Hell     | Found a gateway to the freezing wastes of Cocytus.
 77687 | Hell     | Found a gateway to the ashen valley of Gehenna.
 77827 | Hell     | Found a gateway to the decaying netherworld of Tartarus.
 77924 | Hell     | Found a gateway to the Iron City of Dis.
 78041 | Coc:1    | Entered Level 1 of Cocytus
 78122 | Coc:1    | Reached skill level 5 in Air Magic
 78310 | Coc:1    | Noticed a shard shrike
 78321 | Coc:1    | Killed a shard shrike
 78376 | Coc:1    | Noticed a shard shrike
 78387 | Coc:1    | Killed a shard shrike
 78774 | Coc:1    | Noticed a shard shrike
 78784 | Coc:1    | Killed a shard shrike
 78784 | Coc:1    | Reached skill level 10 in Staves
 78893 | Coc:1    | Noticed a shard shrike
 78904 | Coc:1    | Killed a shard shrike
 78936 | Coc:1    | Noticed a shard shrike
 78952 | Coc:1    | Killed a shard shrike
 79026 | Coc:1    | Noticed a shard shrike
 79036 | Coc:1    | Killed a shard shrike
 80080 | Coc:2    | Learned a level 5 spell: Aura of Abjuration
 80152 | Coc:2    | Noticed a shard shrike
 80165 | Coc:2    | Killed a shard shrike
 80452 | Coc:3    | You fall through a shaft for 2 floors!
 80455 | Coc:5    | You fall through a shaft!
 80458 | Coc:6    | You fall through a shaft!
 80458 | Coc:7    | Entered Level 7 of Cocytus
 80638 | Coc:7    | Reached skill level 5 in Summonings
 80714 | Coc:7    | Noticed a shard shrike
 80729 | Coc:7    | Killed a shard shrike
 80823 | Coc:7    | Noticed a shard shrike
 80824 | Coc:7    | Noticed a shard shrike
 80825 | Coc:7    | Noticed a shard shrike
 80849 | Coc:7    | Noticed a shard shrike
 80853 | Coc:7    | Killed a shard shrike
 80872 | Coc:7    | Killed a shard shrike
 80971 | Coc:7    | Reached skill level 10 in Air Magic
 81382 | Coc:7    | Noticed Antaeus
 81576 | Coc:7    | Killed Antaeus
 81597 | Coc:7    | Got a flickering ivory ring
 81886 | Coc:7    | Killed a shard shrike
 81886 | Coc:7    | Killed a shard shrike
 82099 | Coc:7    | Noticed a shard shrike
 82109 | Coc:7    | Killed a shard shrike
 82137 | Coc:7    | Noticed a shard shrike
 82144 | Coc:7    | Killed a shard shrike
 82223 | Coc:7    | Got an icy rune of Zot
 82507 | Dis:1    | Entered Level 1 of the Iron City of Dis
 83976 | Dis:3    | Reached skill level 15 in Air Magic
 86786 | Dis:7    | Entered Level 7 of the Iron City of Dis
 86895 | Dis:7    | Noticed the Serpent of Hell
 86926 | Dis:7    | Killed the Serpent of Hell
 88176 | Dis:7    | Noticed Dispater
 88213 | Dis:7    | Killed Dispater
 88424 | Dis:7    | Got an iron rune of Zot
 88611 | Dis:7    | Got a brightly glowing wooden ring
 89449 | Geh:1    | Entered Level 1 of Gehenna
 89450 | Geh:1    | Identified the ring "Jewn" {*Tele rElec rN+} (You took it
                  | off Antaeus on level 7 of Cocytus)
 89451 | Geh:1    | Identified the ring of the Greedy {+Fly MR+ Int-4 Dex+4}
                  | (You took it off a vampire knight on level 7 of the Iron
                  | City of Dis)
 92439 | Geh:7    | Entered Level 7 of Gehenna
 92931 | Geh:7    | Learned a level 9 spell: Tornado
 93459 | Geh:7    | Got a twisted ring mail
 93749 | Geh:7    | Noticed Asmodeus
 93788 | Geh:7    | Killed Asmodeus
 94314 | Geh:7    | Got an obsidian rune of Zot
 94669 | Geh:7    | Reached skill level 27 in Air Magic
 94827 | Tar:1    | Entered Level 1 of Tartarus
 97791 | Tar:7    | Entered Level 7 of Tartarus
 99235 | Tar:7    | Noticed Ereshkigal
 99270 | Tar:7    | Killed Ereshkigal
 99405 | Tar:7    | Identified the Reference Book on Flamy Transmigration
 99413 | Tar:7    | Got a bone rune of Zot
 99648 | Tar:7    | Got a bloodstained dagger
100156 | Tar:7    | Identified the Tome of the Blaze and Displacement
100158 | Tar:7    | Identified the Almanac of Black Rituals and Snow
100445 | Depths:4 | Identified the cursed +1 dagger of Defiance {freeze, Str+3
                  | Int+5} (You found it on level 7 of Tartarus)
100456 | Depths:4 | Identified the +4 ring mail "Nuho Wudgh" {rC+ Dex+3} (You
                  | found it on level 7 of Gehenna)
100562 | Depths:4 | Lost mutation: You expend magic power (3 MP) to strengthen
                  | your wands. [potion of mutation]
100562 | Depths:4 | Lost mutation: Your mind is acute. (Int +2) [potion of
                  | mutation]
100562 | Depths:4 | Lost mutation: You are partially covered in slimy green
                  | scales. (AC +2) [potion of mutation]
100562 | Depths:4 | Gained mutation: Your muscles are strong. (Str +2) [potion
                  | of mutation]
100562 | Depths:4 | Gained mutation: You are covered in fur. (AC +1) [potion of
                  | mutation]
100562 | Depths:4 | Gained mutation: You have large cloven feet. [potion of
                  | mutation]
100563 | Depths:4 | Lost mutation: Your muscles are strong. (Str +2) [potion of
                  | mutation]
100563 | Depths:4 | Lost mutation: You have large cloven feet. [potion of
                  | mutation]
100563 | Depths:4 | Lost mutation: You are covered in fur. (AC +1) [potion of
                  | mutation]
100563 | Depths:4 | Gained mutation: You are clumsy. (Dex -2) [potion of
                  | mutation]
100563 | Depths:4 | Gained mutation: You passively map a small area around you.
                  | [potion of mutation]
100563 | Depths:4 | Gained mutation: Your system is resistant to poisons.
                  | (rPois) [potion of mutation]
100567 | Depths:4 | Bought a scorched flail for 323 gold pieces
100567 | Depths:4 | Identified the +10 flail "Ucvupeah" {crush, rPois Dex+3}
                  | (You bought it in a shop on level 4 of the Depths)
100583 | Depths:4 | Bought a faintly humming scale mail for 414 gold pieces
100583 | Depths:4 | Bought a warped leather armour for 322 gold pieces
100583 | Depths:4 | Bought an ichor-stained buckler for 437 gold pieces
100610 | Depths:4 | Identified the +6 scale mail of Chimes {*Corrode +Fly rElec
                  | rC+} (You bought it in a shop on level 4 of the Depths)
100622 | Depths:4 | Identified the +2 leather armour of Indomitability {rPois
                  | SInv Stlth+} (You bought it in a shop on level 4 of the
                  | Depths)
100657 | Depths:4 | Identified the +1 buckler of Dawn {Str+3} (You bought it in
                  | a shop on level 4 of the Depths)
101692 | Depths:4 | Bought a scroll of enchant armour for 300 gold pieces
101711 | Depths:4 | Voluntarily entered the Abyss.
101869 | Abyss:4  | Found a corrupted altar of Lugonu.
102070 | Abyss:5  | Entered Level 5 of the Abyss
102434 | Abyss:5  | Reached skill level 27 in Fighting
102451 | Abyss:5  | Reached skill level 15 in Evocations
102868 | Abyss:5  | Reached skill level 27 in Spellcasting
103627 | Abyss:5  | Found a corrupted altar of Lugonu.
103703 | Abyss:5  | Found a corrupted altar of Lugonu.
103887 | Abyss:5  | Got an abyssal rune of Zot
103896 | Depths:4 | Escaped the Abyss
104206 | Slime:1  | Entered Level 1 of the Pits of Slime
104935 | Slime:5  | Entered Level 5 of the Pits of Slime
104952 | Slime:5  | Noticed the Royal Jelly
105044 | Slime:5  | Killed the Royal Jelly
105221 | Slime:5  | Identified the Handbook of Poisonous Weightlessness
105237 | Slime:5  | Got a shimmering wooden ring
105281 | Slime:5  | Got a transparent leather armour
105309 | Slime:5  | Got a slimy rune of Zot
105333 | Slime:5  | Got a translucent ivory ring
105691 | Slime:5  | Got a shimmering spear
105707 | Slime:5  | Identified the +2 spear "Ighyozoa" {drain, rPois} (You
                  | found it on level 5 of the Pits of Slime)
105720 | Slime:5  | Identified the cursed +0 leather armour of Blue Skies
                  | {+Blink Dex-3 Stlth+} (You found it on level 5 of the Pits
                  | of Slime)
105721 | Slime:5  | Identified the ring of Aqeov {rN+ EV+3 Int+7} (You found it
                  | on level 5 of the Pits of Slime)
105725 | Slime:5  | Identified the ring of the Philosopher {Dex+5 Slay-6
                  | Stlth+} (You found it on level 5 of the Pits of Slime)
106173 | Pan      | Entered Pandemonium
106271 | Pan      | Noticed Renwuq the pandemonium lord
106287 | Pan      | Killed Renwuq the pandemonium lord
106738 | Pan      | Noticed Cuvvial the pandemonium lord
106747 | Pan      | Killed Cuvvial the pandemonium lord
107246 | Pan      | Reached skill level 27 in Evocations
107532 | Pan      | Entered the realm of Gloorx Vloq.
107671 | Pan      | Reached skill level 10 in Armour
107801 | Pan      | Noticed Gloorx Vloq
107819 | Pan      | Killed Gloorx Vloq
107926 | Pan      | Got a dark rune of Zot
108490 | Pan      | Got a shimmering spear {pierce}
108942 | Pan      | Reached skill level 10 in Dodging
109015 | Pan      | Found an exit through the horrors of the Abyss.
110011 | Pan      | Noticed a seraph
110021 | Pan      | Killed a seraph
110056 | Pan      | Got an encrusted ring mail
110216 | Pan      | Found a glowing golden altar of the Shining One.
110218 | Pan      | Got a smoking short sword
110220 | Pan      | Got a demonic rune of Zot
110256 | Pan      | Got a crystal flail
110258 | Pan      | Got a blackened mace
110558 | Pan      | Found a glowing silver altar of Zin.
111321 | Pan      | Found a white marble altar of Elyvilon.
111505 | Pan      | Reached skill level 15 in Armour
111905 | Pan      | Noticed Mennas
111920 | Pan      | Killed Mennas
112069 | Pan      | Noticed Suacs the pandemonium lord
112092 | Pan      | Killed Suacs the pandemonium lord
113200 | Pan      | Noticed Subolo Ibbe the pandemonium lord
113255 | Pan      | Killed Subolo Ibbe the pandemonium lord
113905 | Pan      | Noticed Odibrinn the pandemonium lord
113918 | Pan      | Killed Odibrinn the pandemonium lord
114640 | Pan      | Noticed Jumiqir the pandemonium lord
114660 | Pan      | Killed Jumiqir the pandemonium lord
115471 | Pan      | Reached skill level 15 in Dodging
115612 | Pan      | Found a runed door.
115684 | Pan      | Noticed Ciuhesybu the pandemonium lord
115701 | Pan      | Killed Ciuhesybu the pandemonium lord
116039 | Pan      | Found an exit through the horrors of the Abyss.
116284 | Pan      | Noticed Gutrueri the pandemonium lord
116301 | Pan      | Killed Gutrueri the pandemonium lord
116818 | Pan      | Found an exit through the horrors of the Abyss.
116879 | Pan      | Entered the realm of Mnoleg.
117343 | Pan      | Noticed Mnoleg
117381 | Pan      | Killed Mnoleg
117556 | Pan      | Got a glowing rune of Zot
117608 | Pan      | Got a faintly glowing halberd
118125 | Pan      | Identified the +11 short sword of Diet Blood {speed, rN++}
                  | (You found it in Pandemonium)
118128 | Pan      | Identified the +8 spear of Dim Light {pierce, *Drain MP+9
                  | Int+3} (You took it off a black sun in Pandemonium)
118131 | Pan      | Identified the +4 flail "Dragonbane" {flame, MR+ Int+2}
                  | (You found it in Pandemonium)
118134 | Pan      | Identified the +10 mace "Qaopurph" {freeze, rN+ Str+8} (You
                  | found it in Pandemonium)
118137 | Pan      | Identified the +10 halberd of Prudence {flame, rElec MR-
                  | Str+6} (You found it in Pandemonium)
118169 | Pan      | Identified the cursed +1 ring mail of Luipes {rC- rCorr
                  | Str+4} (You took it off an angel in Pandemonium)
118256 | Pan      | Noticed Meppesepai the pandemonium lord
118276 | Pan      | Killed Meppesepai the pandemonium lord
119111 | Pan      | Noticed Ibuditz the pandemonium lord
119129 | Pan      | Killed Ibuditz the pandemonium lord
119460 | Pan      | Identified the Guide on Confrontation and Clay
119508 | Pan      | Found an exit through the horrors of the Abyss.
119928 | Pan      | Entered the realm of Lom Lobon.
120107 | Pan      | Found an exit through the horrors of the Abyss.
120573 | Pan      | Noticed Lom Lobon
120691 | Pan      | Killed Lom Lobon
120751 | Pan      | Got a magical rune of Zot
121207 | Pan      | Noticed Sasivoz the pandemonium lord
121226 | Pan      | Killed Sasivoz the pandemonium lord
121383 | Pan      | Found a runed door.
121780 | Pan      | Found an exit through the horrors of the Abyss.
121808 | Pan      | Took an exit into the Abyss.
121808 | Abyss:1  | Escaped into the Abyss
121812 | Depths:3 | Escaped the Abyss
121993 | Depths:4 | Lost mutation: You are clumsy. (Dex -2) [potion of
                  | mutation]
121993 | Depths:4 | Gained mutation: You are partially covered in slimy green
                  | scales. (AC +2) [potion of mutation]
121993 | Depths:4 | Gained mutation: You are resistant to hostile enchantments.
                  | (MR+) [potion of mutation]
121993 | Depths:4 | Gained mutation: You evolve. [potion of mutation]
122094 | Zot:1    | Entered Level 1 of the Realm of Zot
122094 | Zot:1    | Noticed an orb of fire
122110 | Depths:5 | Gained mutation: You are partially covered in iridescent
                  | scales. (AC +2) [an orb of fire]
122112 | Depths:5 | Killed an orb of fire
122125 | Depths:5 | Learned a level 3 spell: Regeneration
122252 | Zot:1    | Lost mutation: You passively map a small area around you.
                  | [evolution]
123836 | Zot:3    | Got a wizard robe
124264 | Zot:3    | Learned a level 2 spell: Sublimation of Blood
125196 | Zot:5    | Entered Level 5 of the Realm of Zot
125362 | Zot:5    | Noticed an ancient lich
125371 | Zot:5    | Noticed an orb of fire
125419 | Zot:5    | Gained mutation: You are weak. (Str -2) [an orb of fire]
125420 | Zot:5    | Killed an ancient lich
125421 | Zot:5    | Killed an orb of fire
125444 | Zot:5    | Noticed an ancient lich
125453 | Zot:5    | Killed an ancient lich
125509 | Zot:5    | Reached skill level 27 in Shields
125511 | Zot:5    | Noticed an orb of fire
125518 | Zot:5    | Noticed an ancient lich
125520 | Zot:5    | Killed an orb of fire
125525 | Zot:5    | Killed an ancient lich
125628 | Zot:5    | Noticed an orb of fire
125638 | Zot:5    | Gained mutation: You are very weak. (Str -4) [an orb of
                  | fire]
125638 | Zot:5    | Noticed an ancient lich
125643 | Zot:5    | Killed an ancient lich
125651 | Zot:5    | Killed an orb of fire
125793 | Zot:5    | Noticed an orb of fire
125800 | Zot:5    | Gained mutation: Your body sometimes deteriorates upon
                  | taking damage. [an orb of fire]
125813 | Zot:5    | Killed an orb of fire
125941 | Zot:5    | Gained mutation: You are mostly covered in slimy green
                  | scales. (AC +3) [evolution]
126348 | Zot:5    | Noticed an ancient lich
126351 | Zot:5    | Killed an ancient lich
126768 | Depths:3 | Identified the +1 robe of Depression {Slay+5} (You found it
                  | on level 3 of the Realm of Zot)
126975 | Pan      | Entered the realm of Cerebov.
126975 | Pan      | Entered Pandemonium
127770 | Pan      | Got a dazzling arbalest
127935 | Pan      | Got a sparkling tin ring
127939 | Pan      | Got a scorched amethyst amulet
128017 | Pan      | Got a serpentine bone ring
128194 | Pan      | Got a brightly glowing scale mail
128196 | Pan      | Got a crystal scimitar
128244 | Pan      | Got an ancient emerald amulet
128250 | Pan      | Got an ichor-stained leather armour
128345 | Pan      | Noticed Cerebov
128526 | Pan      | Killed Cerebov
128589 | Pan      | Got a fiery rune of Zot
128628 | Pan      | Got a scorched leather armour
129288 | Pan      | Got a dazzling great mace
129417 | Pan      | Found an exit through the horrors of the Abyss.
129655 | Pan      | Noticed Westaxka the pandemonium lord
129682 | Pan      | Killed Westaxka the pandemonium lord
129758 | Pan      | Took an exit into the Abyss.
129758 | Abyss:1  | Escaped into the Abyss
129924 | Depths:3 | Escaped the Abyss
129966 | Depths:4 | Got a slimy cloak
129967 | Depths:4 | Identified the +5 arbalest of the Sage {venom, rF+} (You
                  | found it in Pandemonium)
129988 | Depths:3 | Identified the +5 scimitar of the Battered Songs {drain,
                  | rN+} (You found it in Pandemonium)
129991 | Depths:3 | Identified the +3 great mace "Qierr" {holy, rC+++ Int-3
                  | Dex-5 SInv} (You found it in Pandemonium)
130007 | Depths:3 | Identified the +2 cloak of Pragmatism {MP+9} (You acquired
                  | it on level 4 of the Depths)
130056 | Depths:3 | Identified the +4 scale mail of Amorality {Dex+2} (You
                  | found it in Pandemonium)
130068 | Depths:3 | Identified the +4 leather armour "Acaome" {*Slow rElec rN+
                  | rCorr} (You found it in Pandemonium)
130137 | Depths:3 | Identified the cursed +0 leather armour of the Cricket
                  | {rElec Str+3 Stlth+} (You found it in Pandemonium)
130160 | Depths:3 | Identified the ring of Kyul {+Fly rPois rN+ Slay-4} (You
                  | found it in Pandemonium)
130163 | Depths:3 | Identified the amulet of Nuarchui {RegenMP rF++} (You found
                  | it in Pandemonium)
130166 | Depths:3 | Identified the ring "Zehi Pas" {+Blink rF- Str+4 Int+5
                  | Dex-3} (You found it in Pandemonium)
130171 | Depths:3 | Identified the amulet of Propriety {Gourm Str+3} (You found
                  | it in Pandemonium)
130494 | Orc:2    | Bought a scroll of acquirement for 884 gold pieces
130752 | Depths:4 | Bought the +1 cloak of Starlight {rElec rC+ EV+4 Stlth--}
                  | for 1646 gold pieces
130752 | Depths:4 | Found the +1 cloak of Starlight {rElec rC+ EV+4 Stlth--}
130778 | Depths:4 | Got a pair of ancient gloves
130789 | Depths:4 | Identified the +1 pair of gloves of Narcissism {rF+ rC++
                  | rCorr Str-4} (You acquired it on level 4 of the Depths)
130807 | Zig:1    | Entered Level 1 of a ziggurat
130835 | Zig:2    | Entered Level 2 of a ziggurat
130862 | Zig:3    | Entered Level 3 of a ziggurat
130887 | Zig:3    | Got a jewelled short sword
130898 | Zig:4    | Entered Level 4 of a ziggurat
130936 | Zig:5    | Entered Level 5 of a ziggurat
130940 | Zig:5    | Noticed an ancient lich
130941 | Zig:5    | Noticed an ancient lich
130945 | Zig:5    | Killed an ancient lich
130945 | Zig:5    | Killed an ancient lich
130962 | Zig:5    | Got a transparent battleaxe
130975 | Zig:6    | Entered Level 6 of a ziggurat
131010 | Zig:6    | Reached skill level 27 in Armour
131018 | Zig:7    | Entered Level 7 of a ziggurat
131026 | Zig:7    | Noticed Fuwuivaama the pandemonium lord
131026 | Zig:7    | Noticed Hiziaple the pandemonium lord
131033 | Zig:7    | Killed Hiziaple the pandemonium lord
131034 | Zig:7    | Killed Fuwuivaama the pandemonium lord
131057 | Zig:7    | Identified the Catalogue of Excruciating Talismans
131076 | Zig:7    | Identified the cursed +1 short sword "Naoxoeni" {pain,
                  | +Blink rElec rN+ Str+2} (You found it on level 3 of a
                  | ziggurat)
131086 | Zig:7    | Got a steaming leather armour
131089 | Zig:7    | Got a dazzling dagger
131091 | Zig:7    | Identified the +5 battleaxe "Igadoi" {chop, rF+ SInv
                  | Stlth+} (You found it on level 5 of a ziggurat)
131096 | Zig:7    | Identified the +4 dagger of Myesocs {drain, rN+} (You found
                  | it on level 7 of a ziggurat)
131109 | Zig:7    | Identified the +2 leather armour of Fifeapaf {rElec} (You
                  | found it on level 7 of a ziggurat)
131128 | Zig:8    | Entered Level 8 of a ziggurat
131140 | Zig:8    | Reached skill level 5 in Short Blades
131140 | Zig:8    | Reached skill level 1 in Throwing
131148 | Zig:8    | Reached skill level 5 in Conjurations
131172 | Zig:8    | Identified the Handbook of Beguiling
131204 | Zig:9    | Entered Level 9 of a ziggurat
131279 | Zig:9    | Got an encrusted chain mail
131296 | Zig:9    | Identified the +7 chain mail of Doihucol {*Contam rC+ MR++
                  | Int+3} (You found it on level 9 of a ziggurat)
131314 | Zig:9    | Got a smoking short sword
131317 | Zig:9    | Got a distressingly furry robe
131318 | Zig:9    | Identified the +8 short sword "Huvos" {pierce, rN+} (You
                  | found it on level 9 of a ziggurat)
131327 | Zig:9    | Identified the +2 robe "Iziharea" {rElec rC- Int+6} (You
                  | found it on level 9 of a ziggurat)
131664 | Zig:10   | Entered Level 10 of a ziggurat
131678 | Zig:10   | Reached skill level 5 in Throwing
131727 | Zig:10   | Got an ancient flail
131730 | Zig:10   | Got an ichor-stained robe
131741 | Zig:10   | Identified the +4 flail of Equilibrium {crush, rF+} (You
                  | found it on level 10 of a ziggurat)
131754 | Zig:10   | Identified the +1 robe of Lurch {Regen+ Dex+4} (You found
                  | it on level 10 of a ziggurat)
131767 | Zig:11   | Entered Level 11 of a ziggurat
131797 | Zig:11   | Found the +11 plutonium sword {*Contam Stlth-}
131883 | Zig:11   | Got a brightly glowing scale mail
131886 | Zig:11   | Got a warped dire flail
131903 | Zig:11   | Identified the +8 dire flail "Zuhod" {chaos, *Contam rF+
                  | rN++ Str+2} (You found it on level 11 of a ziggurat)
131917 | Zig:11   | Identified the cursed +1 scale mail of Distant Worlds
                  | {rF+++ Regen+ Str+4 Stlth-} (You found it on level 11 of a
                  | ziggurat)
132197 | Zig:12   | Entered Level 12 of a ziggurat
132222 | Zig:12   | Noticed Tantidd the pandemonium lord
132226 | Zig:12   | Killed Tantidd the pandemonium lord
132344 | Zig:12   | Got a pair of smoking boots
132355 | Zig:12   | Identified the +0 pair of boots of Ziq Kogg {Str-5 Dex+3}
                  | (You found it on level 12 of a ziggurat)
132355 | Zig:12   | Lost strength.
132372 | Zig:12   | Got an ancient trident
132376 | Zig:12   | Identified the +11 trident of the Sage {elec, rF+ rC-
                  | Str+3} (You found it on level 12 of a ziggurat)
132413 | Zig:13   | Entered Level 13 of a ziggurat
132438 | Zig:13   | Noticed a greater mummy
132440 | Zig:13   | Noticed a greater mummy
132451 | Zig:13   | Killed a greater mummy
132451 | Zig:13   | Reached skill level 10 in Short Blades
132452 | Zig:13   | Killed a greater mummy
132591 | Zig:13   | Got a dull robe
132603 | Zig:13   | Identified the cursed +1 robe "Xoc Zuho" {*Drain Regen+
                  | Str+2} (You found it on level 13 of a ziggurat)
132628 | Zig:14   | Entered Level 14 of a ziggurat
132643 | Zig:14   | Noticed a greater mummy
132646 | Zig:14   | Killed a greater mummy
132646 | Zig:14   | Noticed a greater mummy
132654 | Zig:14   | Noticed a greater mummy
132659 | Zig:14   | Killed a greater mummy
132659 | Zig:14   | Reached skill level 10 in Conjurations
132668 | Zig:14   | Killed a greater mummy
132668 | Zig:14   | Reached skill level 10 in Throwing
132808 | Zig:14   | Identified the Handbook of Displacement and Bewitchment
132817 | Zig:14   | Got a glittering pewter ring
132823 | Zig:14   | Identified the ring of Wocotewaot {Wiz rPois rC- Str+4}
                  | (You found it on level 14 of a ziggurat)
132838 | Zig:15   | Entered Level 15 of a ziggurat
132857 | Zig:15   | Noticed a greater mummy
132863 | Zig:15   | Noticed a greater mummy
132865 | Zig:15   | Killed a greater mummy
132866 | Zig:15   | Killed a greater mummy
132868 | Zig:15   | Noticed a greater mummy
132886 | Zig:15   | Killed a greater mummy
132977 | Zig:15   | Found the macabre finger necklace {rN+}
132978 | Zig:15   | Found the +8 frozen axe "Frostbite" {freezing cloud, *Noise
                  | +Fly rC+}
132979 | Zig:15   | Found the ring of Robustness {AC+8}
133032 | Zig:15   | Got a bound graven amulet
133033 | Zig:15   | Identified the amulet "Viceck" {Harm *Drain +Fly rElec
                  | Stlth+} (You found it on level 15 of a ziggurat)
133080 | Zig:15   | Got a bloodstained halberd
133087 | Zig:15   | Got a faintly glowing mace
133102 | Zig:15   | Identified the cursed +3 halberd "Jypok" {pain, -Tele rN+++
                  | Dex+2 Stlth+} (You found it on level 15 of a ziggurat)
133106 | Zig:15   | Identified the +7 mace of the Wasteland {holy, Int+2} (You
                  | found it on level 15 of a ziggurat)
133120 | Zig:16   | Entered Level 16 of a ziggurat
133303 | Zig:16   | Got a dazzling morningstar
133304 | Zig:16   | Identified the +5 morningstar of Zibom {crush, rF- Int+5}
                  | (You found it on level 16 of a ziggurat)
133312 | Zig:16   | Got a warped scale mail
133323 | Zig:16   | Identified the +5 scale mail "Emuenuch" {rF+} (You found it
                  | on level 16 of a ziggurat)
133330 | Zig:16   | Got a transparent chain mail
133336 | Zig:16   | Identified the +4 chain mail of Sif Muna's Envy {Int+6
                  | Dex+4 Slay-6} (You found it on level 16 of a ziggurat)
133351 | Zig:17   | Entered Level 17 of a ziggurat
133359 | Zig:17   | Noticed a juggernaut
133371 | Zig:17   | Noticed a juggernaut
133375 | Zig:17   | Noticed a juggernaut
133376 | Zig:17   | Killed a juggernaut
133378 | Zig:17   | Killed a juggernaut
133380 | Zig:17   | Noticed a juggernaut
133383 | Zig:17   | Killed a juggernaut
133389 | Zig:17   | Killed a juggernaut
133391 | Zig:17   | Reached skill level 10 in Ice Magic
133422 | Zig:17   | Found the +8 demon blade "Bloodbane" {slice, *Rage +Rage
                  | Stlth-}
133498 | Zig:17   | Identified Sif Muna's Volume of Dislocation and Attacks
133505 | Zig:17   | Identified the Compendium of Ghastly Flames
133533 | Zig:17   | Got a scorched lajatang
133538 | Zig:17   | Got a twisted robe
133545 | Zig:17   | Identified the +6 lajatang of Gaoddidd {slice, rPois} (You
                  | found it on level 17 of a ziggurat)
133558 | Zig:17   | Identified the +1 robe of Wu Jian's Castigation {rElec
                  | Dex+4 Stlth-} (You found it on level 17 of a ziggurat)
133583 | Zig:18   | Entered Level 18 of a ziggurat
133595 | Zig:18   | Noticed a greater mummy
133598 | Zig:18   | Noticed a greater mummy
133600 | Zig:18   | Noticed a greater mummy
133600 | Zig:18   | Noticed a greater mummy
133601 | Zig:18   | Noticed a greater mummy
133601 | Zig:18   | Noticed a greater mummy
133601 | Zig:18   | Noticed a greater mummy
133602 | Zig:18   | Noticed a greater mummy
133603 | Zig:18   | Noticed a greater mummy
133606 | Zig:18   | Killed a greater mummy
133606 | Zig:18   | Killed a greater mummy
133606 | Zig:18   | Killed a greater mummy
133607 | Zig:18   | Killed a greater mummy
133607 | Zig:18   | Killed a greater mummy
133607 | Zig:18   | Killed a greater mummy
133607 | Zig:18   | Killed a greater mummy
133607 | Zig:18   | Killed a greater mummy
133608 | Zig:18   | Killed a greater mummy
133709 | Zig:18   | Got an ancient bronze ring
133712 | Zig:18   | Identified Foucs's Handbook of Boosting Conjuration
133801 | Zig:18   | Identified the ring of Okawaru's Regard {rF+ Str+3 Dex+3}
                  | (You found it on level 18 of a ziggurat)
133806 | Zig:18   | Got an ichor-stained falchion
133814 | Zig:18   | Identified the cursed +0 falchion of Paper {flame, +Fly}
                  | (You found it on level 18 of a ziggurat)
133820 | Zig:19   | Entered Level 19 of a ziggurat
133871 | Zig:19   | Reached skill level 1 in Bows
133891 | Zig:19   | Reached skill level 15 in Conjurations
134112 | Zig:20   | Entered Level 20 of a ziggurat
134150 | Zig:20   | Reached skill level 1 in Polearms
134172 | Zig:20   | Reached skill level 5 in Bows
134185 | Zig:20   | Reached skill level 5 in Polearms
134306 | Zig:20   | Got a scintillating tin ring
134308 | Zig:20   | Got an ancient glass ring
134331 | Zig:20   | Identified the ring "Appasasodd" {rElec Stlth-} (You found
                  | it on level 20 of a ziggurat)
134334 | Zig:20   | Identified the ring of Fatigue {MR+ Int+3 Stlth+} (You
                  | found it on level 20 of a ziggurat)
134346 | Zig:20   | Identified the Tome of the Traveller and Snow
134351 | Zig:20   | Got a glittering brass ring
134386 | Zig:20   | Identified the ring of Kuefaoc {rPois Dex+4 SInv} (You
                  | found it on level 20 of a ziggurat)
134393 | Zig:20   | Got an ancient trident
134394 | Zig:20   | Identified the +6 trident of Patterns {flame, rF+ rC+
                  | Str+2} (You found it on level 20 of a ziggurat)
134401 | Zig:20   | Got a polished scimitar
134402 | Zig:20   | Identified the +5 scimitar "Vyacaid" {slice, rPois} (You
                  | found it on level 20 of a ziggurat)
134419 | Zig:21   | Entered Level 21 of a ziggurat
134431 | Zig:21   | Noticed a shard shrike
134441 | Zig:21   | Killed a shard shrike
134446 | Zig:21   | Noticed a shard shrike
134460 | Zig:21   | Killed a shard shrike
134506 | Zig:21   | Noticed a shard shrike
134515 | Zig:21   | Killed a shard shrike
134518 | Zig:21   | Reached skill level 10 in Polearms
134534 | Zig:21   | Noticed a shard shrike
134543 | Zig:21   | Killed a shard shrike
134692 | Zig:21   | Identified Roxanne's Grimoire of Stones and Changing
134704 | Zig:21   | Got a bone fustibalus
134711 | Zig:21   | Got a jewelled dagger
134713 | Zig:21   | Got a twisted scale mail
134726 | Zig:21   | Identified the +4 fustibalus of the Extremely Mad {venom,
                  | rC- Dex+3 Stlth+} (You found it on level 21 of a ziggurat)
134729 | Zig:21   | Identified the +10 dagger "Demon's Funeral" {pierce, rElec
                  | Int+8 Dex-3} (You found it on level 21 of a ziggurat)
134743 | Zig:21   | Identified the cursed +0 scale mail of Sorcery {rPois rF-
                  | MR+ SInv} (You found it on level 21 of a ziggurat)
134765 | Zig:22   | Entered Level 22 of a ziggurat
134783 | Zig:22   | Noticed a juggernaut
134786 | Zig:22   | Noticed a juggernaut
134787 | Zig:22   | Noticed a juggernaut
134788 | Zig:22   | Noticed a juggernaut
134791 | Zig:22   | Reached skill level 10 in Bows
134792 | Zig:22   | Noticed a juggernaut
134792 | Zig:22   | Killed a juggernaut
134793 | Zig:22   | Killed a juggernaut
134793 | Zig:22   | Killed a juggernaut
134798 | Zig:22   | Gained mutation: You are frail. (-10% HP) [evolution]
134802 | Zig:22   | Killed a juggernaut
134802 | Zig:22   | Killed a juggernaut
134822 | Zig:22   | Found the +2 Maxwell's thermic engine {flame, freeze}
134935 | Zig:22   | Got a wavering bone ring
135006 | Zig:22   | Identified the ring "Adu Xaci" {rElec rF+ rC+ rN+ Int+2}
                  | (You found it on level 22 of a ziggurat)
135028 | Zig:23   | Entered Level 23 of a ziggurat
135277 | Zig:23   | Identified Jafo Cidd's Incunabulum of the Frigorific
                  | Entourage
135280 | Zig:23   | Got a slimy ivory ring
135289 | Zig:23   | Identified the Papyrus of Gliding Shape Shifting
135318 | Zig:23   | Identified the ring "Xiuhol" {+Blink rN+ MR+ Int+2 Dex-3}
                  | (You found it on level 23 of a ziggurat)
135361 | Zig:23   | Got a scorched war axe
135363 | Zig:23   | Got a pitted hand axe
135365 | Zig:23   | Identified the +5 war axe of Okawaru's Outrage {chop, MR++}
                  | (You found it on level 23 of a ziggurat)
135367 | Zig:23   | Identified the +9 hand axe of the Abyss {chop, +Fly rC+++
                  | Str-3 Stlth+} (You found it on level 23 of a ziggurat)
135375 | Zig:23   | Got an encrusted war axe
135376 | Zig:23   | Identified the cursed +1 war axe "Xozomiw" {elec, +Fly}
                  | (You found it on level 23 of a ziggurat)
135386 | Zig:24   | Entered Level 24 of a ziggurat
135415 | Zig:24   | Noticed a juggernaut
135415 | Zig:24   | Noticed a juggernaut
135418 | Zig:24   | Noticed a juggernaut
135420 | Zig:24   | Noticed a juggernaut
135422 | Zig:24   | Noticed a juggernaut
135425 | Zig:24   | Noticed a juggernaut
135425 | Zig:24   | Noticed a juggernaut
135425 | Zig:24   | Noticed a juggernaut
135425 | Zig:24   | Killed a juggernaut
135426 | Zig:24   | Killed a juggernaut
135426 | Zig:24   | Killed a juggernaut
135426 | Zig:24   | Killed a juggernaut
135427 | Zig:24   | Noticed a juggernaut
135427 | Zig:24   | Noticed a juggernaut
135427 | Zig:24   | Noticed a juggernaut
135430 | Zig:24   | Killed a juggernaut
135430 | Zig:24   | Killed a juggernaut
135430 | Zig:24   | Killed a juggernaut
135430 | Zig:24   | Killed a juggernaut
135430 | Zig:24   | Killed a juggernaut
135430 | Zig:24   | Killed a juggernaut
135430 | Zig:24   | Reached skill level 10 in Charms
135430 | Zig:24   | Killed a juggernaut
135550 | Zig:24   | Identified the Handbook of Unholy Weightlessness
135553 | Zig:24   | Identified the Almanac of Orientation and Augmentations
135567 | Zig:24   | Got a wavering amethyst amulet
135573 | Zig:24   | Identified Cacoatroqi's Almanac of Stolen Souls
135578 | Zig:24   | Identified the Grimoire of Combat Magic
135587 | Zig:24   | Identified the Volume of Necromancy
135635 | Zig:24   | Identified the amulet of Mottaec {Gourm Str+6 Int+2} (You
                  | found it on level 24 of a ziggurat)
135640 | Zig:25   | Entered Level 25 of a ziggurat
135656 | Zig:25   | Noticed a greater mummy
135657 | Zig:25   | Noticed a greater mummy
135657 | Zig:25   | Noticed a greater mummy
135662 | Zig:25   | Killed a greater mummy
135663 | Zig:25   | Killed a greater mummy
135663 | Zig:25   | Killed a greater mummy
135663 | Zig:25   | Reached skill level 15 in Stealth
135663 | Zig:25   | Noticed a greater mummy
135669 | Zig:25   | Noticed a greater mummy
135682 | Zig:25   | Killed a greater mummy
135682 | Zig:25   | Noticed a greater mummy
135688 | Zig:25   | Noticed a greater mummy
135695 | Zig:25   | Killed a greater mummy
135695 | Zig:25   | Noticed a greater mummy
135696 | Zig:25   | Killed a greater mummy
135697 | Zig:25   | Killed a greater mummy
135711 | Zig:25   | Killed a greater mummy
135719 | Zig:25   | Noticed a greater mummy
135720 | Zig:25   | Noticed a greater mummy
135725 | Zig:25   | Noticed a greater mummy
135732 | Zig:25   | Killed a greater mummy
135736 | Zig:25   | Killed a greater mummy
135736 | Zig:25   | Killed a greater mummy
135741 | Zig:25   | Noticed a greater mummy
135757 | Zig:25   | Killed a greater mummy
135757 | Zig:25   | Lost strength.
135995 | Zig:25   | Got a slimy lead ring
136092 | Zig:25   | Identified the ring "Ceisoofe" {Str-5 Int+4 Stlth-} (You
                  | found it on level 25 of a ziggurat)
136100 | Zig:25   | Got a fine falchion
136101 | Zig:25   | Identified the +5 falchion "Tiudahia" {drain, rC+ Str+2
                  | Stlth+} (You found it on level 25 of a ziggurat)
136114 | Zig:26   | Entered Level 26 of a ziggurat
136153 | Zig:26   | Noticed a greater mummy
136158 | Zig:26   | Killed a greater mummy
136161 | Zig:26   | Noticed a greater mummy
136183 | Zig:26   | Noticed a greater mummy
136184 | Zig:26   | Killed a greater mummy
136184 | Zig:26   | Noticed a greater mummy
136194 | Zig:26   | Killed a greater mummy
136194 | Zig:26   | Killed a greater mummy
136200 | Zig:26   | Noticed a greater mummy
136204 | Zig:26   | Noticed a greater mummy
136204 | Zig:26   | Noticed a greater mummy
136215 | Zig:26   | Killed a greater mummy
136215 | Zig:26   | Killed a greater mummy
136216 | Zig:26   | Killed a greater mummy
136216 | Zig:26   | Noticed a greater mummy
136220 | Zig:26   | Noticed a greater mummy
136230 | Zig:26   | Killed a greater mummy
136231 | Zig:26   | Killed a greater mummy
136235 | Zig:26   | Noticed a greater mummy
136248 | Zig:26   | Killed a greater mummy
136576 | Zig:26   | Got a brightly glowing lead ring
136577 | Zig:26   | Identified the Tome of Poison and the Oath
136595 | Zig:26   | Identified Loula's Volume of Curses
136621 | Zig:26   | Got a sparkling bronze ring
136688 | Zig:26   | Identified the ring of the Enemy {+Inv rF+ rC+ Slay-3} (You
                  | found it on level 26 of a ziggurat)
136691 | Zig:26   | Identified the ring of Zuabit Junei {rElec rN+ Str-2 Int+4
                  | Dex+5} (You found it on level 26 of a ziggurat)
136695 | Zig:26   | Got a polished rapier
136696 | Zig:26   | Identified the +7 rapier "Koip" {elec, Int+5} (You found it
                  | on level 26 of a ziggurat)
136706 | Zig:26   | Got a twisted cloak
136719 | Zig:26   | Identified the +0 cloak of Autumn {rPois SInv} (You found
                  | it on level 26 of a ziggurat)
136738 | Zig:26   | Got a fine flail
136740 | Zig:26   | Identified the +7 flail of the Equinox {holy, *Drain Str+8
                  | Int+3 SInv} (You found it on level 26 of a ziggurat)
136753 | Zig:27   | Entered Level 27 of a ziggurat
137009 | Zig:27   | Got a heavily runed lead ring
137107 | Zig:27   | Got a distressingly furry ring mail
137121 | Zig:27   | Identified the cursed +0 ring mail "Ypoefatu" {rPois} (You
                  | found it on level 27 of a ziggurat)
137136 | Zig:27   | Got a faintly glowing glaive
137137 | Zig:27   | Identified the +10 glaive of Duty {chop, +Fly SInv} (You
                  | found it on level 27 of a ziggurat)
137141 | Zig:27   | Got a polished war axe
137142 | Zig:27   | Identified the +12 war axe "Mer Tod" {chop, *Corrode rPois
                  | Str+2} (You found it on level 27 of a ziggurat)
137146 | Zig:27   | Got an encrusted great sword
137147 | Zig:27   | Identified the +1 great sword of Zin {holy, rPois Dex-2
                  | Stlth+} (You found it on level 27 of a ziggurat)
137161 | Zig:27   | Got a fine hand axe
137162 | Zig:27   | Identified the +9 hand axe "Qonnoerr" {chop, Str+7 Int-5}
                  | (You found it on level 27 of a ziggurat)
137185 | Zig:27   | Identified the ring "Siofoh" {rPois rF+ AC+4 Str+2 Stlth+}
                  | (You found it on level 27 of a ziggurat)
137333 | Zot:5    | Got the Orb of Zot
137420 | Zot:3    | Noticed Wiss the pandemonium lord
137547 | Depths:1 | Noticed Leav the pandemonium lord
137566 | Depths:1 | Killed Leav the pandemonium lord
137841 | D:1      | Lost mutation: You are frail. (-10% HP) [potion of
                  | mutation]
137841 | D:1      | Lost mutation: Your system is resistant to poisons. (rPois)
                  | [potion of mutation]
137841 | D:1      | Lost mutation: Your body sometimes deteriorates upon taking
                  | damage. [potion of mutation]
137841 | D:1      | Gained mutation: You expend magic power (3 MP) to
                  | strengthen your wands. [potion of mutation]
137841 | D:1      | Gained mutation: You rapidly evolve. [potion of mutation]
137842 | D:1      | Lost mutation: You rapidly evolve. [potion of mutation]
137842 | D:1      | Lost mutation: You are resistant to hostile enchantments.
                  | (MR+) [potion of mutation]
137842 | D:1      | Lost mutation: You expend magic power (3 MP) to strengthen
                  | your wands. [potion of mutation]
137842 | D:1      | Lost mutation: You are very weak. (Str -4) [potion of
                  | mutation]
137842 | D:1      | Gained mutation: Your spells are a little harder to cast,
                  | but a little more powerful. [potion of mutation]
137843 | D:1      | Lost mutation: You are weak. (Str -2) [potion of mutation]
137843 | D:1      | Lost mutation: You are mostly covered in slimy green
                  | scales. (AC +3) [potion of mutation]
137843 | D:1      | Gained mutation: Your body sometimes deteriorates upon
                  | taking damage. [potion of mutation]
137843 | D:1      | Lost mutation: You are partially covered in iridescent
                  | scales. (AC +2) [potion of mutation]
137843 | D:1      | Gained mutation: Your spells are harder to cast, but more
                  | powerful. [potion of mutation]
137844 | D:1      | Lost mutation: Your spells are harder to cast, but more
                  | powerful. [potion of mutation]
137844 | D:1      | Lost mutation: Your spells are a little harder to cast, but
                  | a little more powerful. [potion of mutation]
137844 | D:1      | Lost mutation: You evolve. [potion of mutation]
137844 | D:1      | Gained mutation: Scrolls take you a little longer to read.
                  | [potion of mutation]
137844 | D:1      | Gained mutation: Your mind is acute. (Int +2) [potion of
                  | mutation]
137844 | D:1      | Gained mutation: Your natural rate of healing is unusually
                  | fast. [potion of mutation]
137845 | D:1      | Lost mutation: Scrolls take you a little longer to read.
                  | [potion of mutation]
137845 | D:1      | Lost mutation: Your body sometimes deteriorates upon taking
                  | damage. [potion of mutation]
137845 | D:1      | Lost mutation: Your mind is acute. (Int +2) [potion of
                  | mutation]
137845 | D:1      | Gained mutation: Your muscles are strong. (Str +2) [potion
                  | of mutation]
137845 | D:1      | Gained mutation: You have large cloven feet. [potion of
                  | mutation]
137846 | D:1      | Lost mutation: You have large cloven feet. [potion of
                  | mutation]
137846 | D:1      | Lost mutation: You are partially covered in slimy green
                  | scales. (AC +2) [potion of mutation]
137846 | D:1      | Lost mutation: Your natural rate of healing is unusually
                  | fast. [potion of mutation]
137846 | D:1      | Gained mutation: Your skin changes colour to match your
                  | surroundings (Stealth+). [potion of mutation]
137846 | D:1      | Gained mutation: You evolve. [potion of mutation]
137847 | D:1      | Lost mutation: Your muscles are strong. (Str +2) [potion of
                  | mutation]
137847 | D:1      | Lost mutation: Your skin changes colour to match your
                  | surroundings (Stealth+). [potion of mutation]
137847 | D:1      | Lost mutation: You evolve. [potion of mutation]
137847 | D:1      | Gained mutation: You are resistant to hostile enchantments.
                  | (MR+) [potion of mutation]
137847 | D:1      | Gained mutation: You expend magic power (3 MP) to
                  | strengthen your wands. [potion of mutation]
137848 | D:1      | Lost mutation: You are resistant to hostile enchantments.
                  | (MR+) [potion of mutation]
137848 | D:1      | Lost mutation: You expend magic power (3 MP) to strengthen
                  | your wands. [potion of mutation]
137848 | D:1      | Gained mutation: Your mind is acute. (Int +2) [potion of
                  | mutation]
137848 | D:1      | Gained mutation: You have very sharp teeth. [potion of
                  | mutation]
137849 | D:1      | Lost mutation: Your mind is acute. (Int +2) [potion of
                  | mutation]
137849 | D:1      | Gained mutation: Your spells are a little easier to cast,
                  | but a little less powerful. [potion of mutation]
137849 | D:1      | Gained mutation: Your spells are easier to cast, but less
                  | powerful. [potion of mutation]
137849 | D:1      | Lost mutation: Your spells are easier to cast, but less
                  | powerful. [potion of mutation]
137850 | D:1      | Lost mutation: You have very sharp teeth. [potion of
                  | mutation]
137850 | D:1      | Lost mutation: Your spells are a little easier to cast, but
                  | a little less powerful. [potion of mutation]
137850 | D:1      | Gained mutation: You expend magic power (3 MP) to
                  | strengthen your wands. [potion of mutation]
137850 | D:1      | Gained mutation: You have a somewhat thin skeletal
                  | structure. (Dex +2, Stealth) [potion of mutation]
137850 | D:1      | Gained mutation: You have an increased reservoir of magic.
                  | (+10% MP) [potion of mutation]
137851 | D:1      | Lost mutation: You have an increased reservoir of magic.
                  | (+10% MP) [potion of mutation]
137851 | D:1      | Lost mutation: You expend magic power (3 MP) to strengthen
                  | your wands. [potion of mutation]
137851 | D:1      | Gained mutation: You are weak. (Str -2) [potion of
                  | mutation]
137851 | D:1      | Gained mutation: You have very sharp teeth. [potion of
                  | mutation]
137851 | D:1      | Gained mutation: You are partially covered in rugged brown
                  | scales. (AC +1, +3% HP) [potion of mutation]
137851 | D:1      | Gained mutation: You have large cloven feet. [potion of
                  | mutation]
137855 | D:$      | Escaped with the Orb!

Skill      XL: |  1  2  3  4  5  6  7  8  9 10 11 12 13 14 15 16 17 18 19 20 21 22 23 24 25 26 27 |
---------------+----------------------------------------------------------------------------------+-----
Conjurations   | 1 2 3 4 16 | 16.9
Fighting       | 1 2 3 5 8 9 10 27 | 27.0
Armour         | 1 2 3 5 7 8 9 27 | 27.0
Dodging        | 2 3 4 5 6 7 26 | 26.3
Stealth        | 3 4 7 9 10 11 18 | 18.8
Evocations     | 1 2 3 5 9 27 | 27.0
Hexes          | 1 3 4 |  4.0
Poison Magic   | 1 3 6 |  6.1
Air Magic      | 1 2 3 27 | 27.0
Maces & Flails | 1 3 |  3.1
Long Blades    | 2 5 8 |  8.3
Earth Magic    | 3 6 8 11 12 14 19 27 | 27.0
Charms         | 2 4 6 14 | 14.1
Necromancy     | 2 5 8 10 11 13 15 16 17 18 19 20 22 | 22.6
Transmutations | 3 6 8 9 12 14 16 18 19 20 | 20.0
Short Blades   | 3 4 13 | 13.8
Spellcasting   | 4 5 6 10 11 13 14 15 27 | 27.0
Shields        | 1 3 5 9 11 15 27 | 27.0
Staves         | 4 5 7 14 | 14.1
Ice Magic      | 5 6 14 | 14.9
Summonings     | 6 |  6.0
Throwing       | 14 | 14.5
Bows           | 10 | 10.7
Polearms       | 11 | 11.8
Translocations | |  0.8

Action                   |  1- 3 |  4- 6 |  7- 9 | 10-12 | 13-15 | 16-18 | 19-21 | 22-24 | 25-27 || total
-------------------------+-------+-------+-------+-------+-------+-------+-------+-------+-------++-------
Melee: Unarmed           |    53 |       |       |       |     6 |       |       |       |       ||    59
       Short sword       |    12 |    88 |    61 |       |       |       |       |       |       ||   161
       Halberd           |       |    22 |       |       |       |       |       |       |       ||    22
       Flail             |       |       |    97 |       |       |       |       |       |       ||    97
       Falchion          |       |       |   149 |   358 |   562 |    10 |   539 |   672 |       ||  2290
       Dagger            |       |       |       |   294 |  1276 |   885 |   583 |       |     3 ||  3041
       Scimitar          |       |       |       |       |    31 |     3 |       |       |       ||    34
       Quarterstaff      |       |       |       |       |       |     8 |       |   307 |   138 ||   453
       Staff             |       |       |       |       |       |       |     1 |       |  1087 ||  1088
       Lajatang          |       |       |       |       |       |       |       |   108 |       ||   108
       Long sword        |       |       |       |       |       |       |       |       |  1310 ||  1310
       Spear             |       |       |       |       |       |       |       |       |   816 ||   816
 Fire: Shortbow          |       |       |     4 |       |    11 |       |       |       |       ||    15
Throw: Stone             |       |       |       |       |       |       |     3 |    19 |     5 ||    27
 Cast: Magic Dart        |    88 |   165 |    61 |    40 |    52 |     9 |     1 |       |       ||   416
       Mephitic Cloud    |       |    10 |    35 |    91 |   108 |     8 |     6 |     9 |     1 ||   268
       Slow              |       |       |     7 |    22 |   151 |       |       |       |       ||   180
       Regeneration      |       |       |     4 |    82 |    55 |    73 |    67 |     9 |    77 ||   367
       Petrify           |       |       |       |    67 |    71 |       |       |       |       ||   138
       Sublimation of Bl |       |       |       |    11 |    14 |    46 |     5 |       |    38 ||   114
       Stone Arrow       |       |       |       |     2 |     8 |     4 |       |       |       ||    14
       Borgnjor's Vile C |       |       |       |       |    19 |   253 |   369 |   246 |  1008 ||  1895
       Dispel Undead     |       |       |       |       |     9 |     2 |     2 |    26 |   166 ||   205
       Confuse           |       |       |       |       |     1 |     6 |     7 |       |     1 ||    15
       Fireball          |       |       |       |       |       |       |     4 |       |       ||     4
       Necromutation     |       |       |       |       |       |       |       |    82 |   751 ||   833
       Lee's Rapid Decon |       |       |       |       |       |       |       |       |    11 ||    11
       Shatter           |       |       |       |       |       |       |       |       |  1743 ||  1743
       Tornado           |       |       |       |       |       |       |       |       |   937 ||   937
       Ozocubu's Armour  |       |       |       |       |       |       |       |       |    25 ||    25
       Aura of Abjuratio |       |       |       |       |       |       |       |       |    19 ||    19
Invok: Renounce Religion |       |       |       |       |     1 |       |     1 |       |       ||     2
       Receive Necronomi |       |       |       |       |     1 |       |       |       |       ||     1
       Divine Energy     |       |       |       |       |     1 |       |       |       |       ||     1
       Forget Spell      |       |       |       |       |       |       |     5 |       |       ||     5
       Potion Petition   |       |       |       |       |       |       |       |       |    60 ||    60
       Call Merchant     |       |       |       |       |       |       |       |       |    14 ||    14
 Abil: Dig               |     1 |     6 |     7 |    18 |    63 |    29 |    25 |    10 |    79 ||   238
       Shaft Self        |       |       |       |       |     4 |     2 |       |       |     3 ||     9
       Evoke Invisibilit |       |       |       |       |       |     1 |       |       |       ||     1
       End Transformatio |       |       |       |       |       |       |       |       |     9 ||     9
Evoke: Wand              |       |       |     5 |    14 |    14 |       |     1 |       |    17 ||    51
       Staff of energy   |       |       |       |       |       |       |   122 |    81 |  7189 ||  7392
       Lamp of fire      |       |       |       |       |       |       |       |       |     8 ||     8
       Sack of spiders   |       |       |       |       |       |       |       |       |     7 ||     7
       Phial of floods   |       |       |       |       |       |       |       |       |     6 ||     6
       Phantom mirror    |       |       |       |       |       |       |       |       |     7 ||     7
       Box of beasts     |       |       |       |       |       |       |       |       |     1 ||     1
  Use: Scroll            |       |     6 |     1 |     4 |     8 |     6 |    11 |     8 |    75 ||   119
       Potion            |       |     1 |       |     1 |     2 |     1 |     1 |     6 |    23 ||    35
 Stab: Confused          |       |     5 |    21 |    32 |    52 |    10 |       |     2 |     4 ||   126
       Sleeping          |       |       |     2 |     2 |    14 |    18 |    13 |     6 |     8 ||    63
       Paralysed         |       |       |     1 |     3 |     5 |       |       |       |       ||     9
       Petrified         |       |       |       |   106 |    67 |       |       |       |       ||   173
       Petrifying        |       |       |       |     5 |    12 |       |       |       |       ||    17
       Invisible         |       |       |       |       |       |     1 |       |       |       ||     1
       Distracted        |       |       |       |       |       |       |     6 |    20 |    27 ||    53
  Eat: Chunk             |     1 |    10 |    34 |    50 |    91 |    83 |       |       |       ||   269
       Ration            |       |       |       |     2 |     1 |       |    14 |     5 |    26 ||    48
Armor: Robe              |    33 |    29 |    60 |   109 |    15 |       |       |       |    65 ||   311
       Troll leather arm |       |       |       |       |   400 |   259 |   332 |   294 |  2601 ||  3886
       Scale mail        |       |       |       |       |       |       |       |       |    17 ||    17
Dodge: Dodged            |    69 |    96 |   118 |   258 |   799 |   358 |   345 |   452 |  2708 ||  5203
Block: Buckler           |       |       |       |     4 |   216 |     9 |       |       |       ||   229
       Shield            |       |       |       |       |       |   349 |       |       |       ||   349
       Large shield      |       |       |       |       |       |   199 |   941 |  1001 |  7212 ||  9353
       Rpst.: Falchion   |       |       |    19 |    39 |    93 |     1 |    36 |    96 |       ||   284
       Scimitar          |       |       |       |       |     6 |       |       |       |       ||     6
       Lajatang          |       |       |       |       |       |       |       |     9 |       ||     9
       Long sword        |       |       |       |       |       |       |       |       |   107 ||   107
